Workbook

Sheet Intro
A1: How to use
A2: 1. save a copy of this checklist into your WIP. Do not amend this document (including deleting tabs) without doing this first as deleting tabs cannot be undone.
A3: 2. select what tabs you need to keep/delete based on the application type you are determining. See below for types
A4: 3. on each non-supporting documents tab select the application type on the filtered section, and hide the options (if relevant)
A5: 4. read each question and applicable drafting notes (in pink) carefully, as some of the questions have changed. Remember to delete the drafting notes before saving the final version to the DMS
A6: 5. some questions give pre-recorded answers, you should pick the one answered in the form
A7: 6. the checklist will record the number of "no" answers on each tab and summarise them on the decisions and actions tab.
A8: 7. any "no" that is highlighted as red will trigger a returned application
A11: Type | B11: Drafting note | C11: Tabs
A12: New SRP | B12: Select this for all new waste standard rule applications- site based and mobile plant If the application is for SR2012 No15 then you should send a draft permit to the applicant and get them to review and confirm the PERMIT boundary. | C12: Details & Dates Doc's & info New SRP SRP location Fee Calculator Decision and actions required Relevant supporting doc tab(s)
A13: New Bespoke | B13: Select this for all new bespoke applications. (mining waste to be added to forms) | C13: Details & Dates Doc's & info New Besp Fee Calculator Decision and actions required Relevant supporting doc tab(s)
A14: Vary SRP | B14: Use this option for variation applications to add or to become a standard rule activity, for minor technical variations to increase the permit boundary, or for admin variations of SRPs. If the application is for SR2012 No15 then you should send a draft permit to the applicant and get them to review and confirm the PERMIT boundary | C14: Details & Dates Doc's & info Var SRP Fee Calculator Decision and actions required Relevant supporting doc tab(s)
A15: Vary Bespoke | B15: Use this for all types of variations for bespoke permits- admins, minor technical and normal | C15: Details & Dates Doc's & info Var Besp Fee Calculator Decision and actions required Relevant supporting doc tab(s)
A16: Transfer | B16: Select this for all transfer applications – both full and partial. | C16: Details & Dates Doc's & info Transfer Fee Calculator Decision and actions required Relevant supporting doc tab(s)
A17: Surrender | B17: Select this for all waste facility and non-installation mining waste activity surrender applications. The checklist can be used for all types of surrender application; normal, low risk, basic and ‘non-operational’. This checklist applies to both full and partial surrenders This checklist applies to both site and mobile plant permits. | C17: Details & Dates Doc's & info Surrender Fee Calculator Decision and actions required Relevant supporting doc tab(s)
A18: New Bespoke Extractive Waste | B18: Select this for all new Tier 2 and Tier 3 bespoke mining waste permit applications. For standard rule mining waste permit applications use the standard rule permit option. | C18: Details & Dates Doc's & info Part A Part F1 Part B1/C1 Part B2/C2 Part B5/C5 Decision and actions required Relevant supporting doc tab(s)
A19: New Bespoke Tier 2/SRP with location assessment | B19: Select this for all new Tier 2 bespoke applications, that are not mining waste. | C19: Details & Dates Doc's & info Part A Part F1 Part B2/C2 Part B4/C4 Decision and actions required Relevant supporting doc tab(s)

Sheet Details & Dates
A1: Application details
A2: PAN reference | B2: PAN-022804
A3: EPR reference | B3: DB3095FM
A4: Applicant name | B4: Hydro Aluminium Deeside Limited
A5: Facility name | B5: Hydro Aluminium Deeside Ltd Bridge Road, Wrexham Industrial Estate, Wrexham, LL13 9UT
A6: Area | B6: North East
A7: Operations Team | B7: North East Waste Regulation
A8: Site officer/team leader | B8: Carys Williams WasteReg.NE@cyfoethnaturiolcymru.gov.uk
A9: Total time recording | B9: 1080
A11: Relevant dates | C11: New Bespoke Tier 2 | D11: New SRP | E11: New Bespoke | F11: Var SRP | G11: Var Bespoke | H11: Transfer | I11: Surrender
A12: Date application arrived in NRW | B12: 45135 | C12: Y | D12: Y | E12: Y | F12: Y | G12: Y | H12: Y | I12: Y
A13: Date application acknowledged | B13: 45135 | C13: Y | D13: Y | E13: Y | F13: Y | G13: Y | H13: Y | I13: Y
A14: Date not duly made (information request sent) | B14: 45243 | C14: Y | D14: Y | E14: Y | F14: Y | G14: Y | H14: Y | I14: Y
A15: Date of any additional not duly made requests | B15: n/a | C15: Y | D15: Y | E15: Y | F15: Y | G15: Y | H15: Y | I15: Y
A16: Date duly made The duly made date is either (I) the date the application was originally received at Natural Resources Wales in the event of no additional information being requested during the duly make process. OR (ii) the date at which the final piece of additional information requested during the duly make process is received | B16: 45244 | C16: Y | D16: Y | E16: Y | F16: Y | G16: Y | H16: Y | I16: Y
A17: Date returned to applicant or deemed withdrawn | B17: n/a | C17: Y | D17: Y | E17: Y | F17: Y | G17: Y | H17: Y | I17: Y
A18: Date applicant sent duly made confirmation | B18: 45245 | C18: Y | D18: Y | E18: Y | F18: Y | G18: Y | H18: Y | I18: Y
A19: Date sent to external consultees (if applicable) | C19: N | D19: N | E19: Y | F19: N | G19: Y | H19: N | I19: Y
A20: Date application publicised on Website | C20: N | D20: N | E20: Y | F20: N | G20: Y | H20: N | I20: N
A21: Date advert placed in newspaper (if applicable) | C21: N | D21: N | E21: Y | F21: N | G21: Y | H21: N | I21: N
A22: Date application publicised on Natural Resources Wales Website and on Social Media (Twitter and Facebook Page) | B22: Mining waste only | C22: N | D22: N | E22: Y | F22: N | G22: Y | H22: N | I22: N
A23: Date email sent to MP’s /AM’s (if required and agreed by the Area) | B23: Mining waste only | C23: N | D23: N | E23: Y | F23: N | G23: Y | H23: N | I23: N

Sheet Doc's & info
A1: Documents and information checklist: | D1: New Bespoke Tier 2 | E1: New SRP | F1: New Bespoke | G1: Var SRP | H1: Var Bespoke | I1: Transfer | J1: Surrender
B2: Yes/No/NA | C2: Comments | D2: Y | E2: Y | F2: Y | G2: Y | I2: Y | J2: Y
A3: Environment Management System summary | C3: Full transfer: Only needed if the new holder isn’t/ can’t use the existing management system. Part Transfer: To reflect the split of activities/ those activities transferring to the proposed new holder. | D3: N | E3: N | F3: Y | G3: N | H3: Y | I3: Y | J3: N | L3: Yes
A4: Non technical summary | C4: Mining waste: Non technical summary must include a justification for the waste facility Part Transfer: This must explain the split of activities. Surrender- site- part: ONLY IF required – to better explain the extent of the activities/ area of land being surrendered. | D4: N | E4: N | F4: Y | G4: N | H4: Y | I4: Y | J4: Y | L4: No
A5: Site plan | B5: Yes | C5: Hydro Wrexham sorting HubSite | D5: Y | E5: Y | F5: Y | G5: Y | H5: Y | I5: Y | J5: Y | L5: N/A
A6: Site specific risk assessment | C6: Plan1 | D6: Y | E6: N | F6: Y | G6: N | H6: Y | I6: Y | J6: N
A7: Site condition report | D7: N | E7: N | F7: Y | G7: N | H7: Y | I7: N | J7: N
A8: Odour management plan | C8: Part Transfer: Only needed if the new holder isn’t/ can’t use the existing management system. | D8: N | E8: N | F8: Y | G8: N | H8: Y | I8: Y | J8: N
A9: Waste Recovery Plan | B9: N/A | D9: N | E9: Y | F9: Y | G9: Y | H9: Y | I9: Y | J9: N
A10: Fire prevention mitigation plan | C10: T3 New bespoke: only required if proposed waste is listed as one of the combustible materials in the current guidance – for duly making, ensure the plan has been produced in accordance with our current guidance – look at the headings in the guidance and check that the FPMP is based on this. | D10: N | E10: N | F10: Y | G10: N | H10: Y | I10: Y | J10: N
A11: Noise impact assessment and management plan | C11: T3 New bespoke: required unless there is a low risk of impact, use the qualitative noise screening tool to help guide your decision – for duly making, ensure the NIA report covers the key elements required by clause 12 of BS4142, and that modelling files (we use Candara & Sound Plan, if they used different software they must provide .qi files), calculations and monitoring data has been provided) | D11: N | E11: N | F11: Y | G11: N | H11: Y | I11: Y | J11: N
A12: Waste Management Plan | C12: Mining Waste only Part Transfer: Only needed if the new holder isn’t/ can’t use the existing management system. | D12: N | E12: N | F12: Y | G12: N | H12: Y | I12: Y | J12: N
A13: Other management plans | C13: Part Transfer: Only needed if the new holder isn’t/ can’t use the existing management system. | D13: N | E13: N | F13: Y | G13: N | H13: Y | I13: Y | J13: N
A14: Technical competence information Including continuing competence evidence, if needed | B14: Yes | C14: LRQA audit agreement_hydroaluminiumdeesideltdsigned | D14: Y | E14: Y | F14: Y | G14: Y | H14: Y | I14: Y | J14: N
A15: Financial information | B15: N/A | D15: Y | E15: Y | F15: Y | G15: Y | H15: Y | I15: Y | J15: N
A16: Financial Provision information | B16: N/A | D16: N | E16: Y | F16: Y | G16: Y | H16: Y | I16: Y | J16: N
A17: Relevant conviction information | B17: N/A | D17: Y | E17: Y | F17: Y | G17: Y | H17: Y | I17: Y | J17: N
A18: Fee | B18: Yes | C18: Amount: £1837 Date Paid: 07/05/2023 Transaction Refence: BS020823/24/ D MOREAR WPCC13478 MyNRW reference: 2118098 | D18: Y | E18: Y | F18: Y | G18: Y | H18: Y | I18: Y | J18: Y
A19: Industrial Emissions Directive (IED) Activity Is the activity/is that the applicant has applied for subject to the Industrial Emissions Directive? These activities include: - Pre-treatment of waste for incineration and co-incineration - Storage of hazardous waste - Biological treatment of waste (i.e. composting and anaerobic digestion) - Treatment of slags and ashes - Treatment of metal in shredders | C19: T3 New bespoke: IMPORTANT – Please refer to “IED” in the training folder for further information before you duly make the application. | D19: N | E19: N | F19: Y | G19: N | H19: Y | I19: N | J19: N
A20: If it is an IED activity, has the applicant provided information to demonstrate how they will comply with the relevant limits and therefore be able to remain as a waste facility? | C20: T3 New bespoke: Do not duly make the application if you are unsure. If the applicant cannot comply with the limit, they will need to apply for an installation permit. | D20: N | E20: N | F20: Y | G20: N | H20: Y | I20: N | J20: N
A21: Evidence to support basic surrender | C21: Surrender- site: only if operator claiming basic surrender | D21: N | E21: N | F21: N | G21: N | H21: N | I21: N | J21: Y
A22: Evidence to support low risk surrender | C22: Surrender- site: only if operator claiming low risk surrender | D22: N | E22: N | F22: N | G22: N | H22: N | I22: N | J22: Y
A23: Evidence to support non-operational surrender | C23: Surrender- site: only if operator claims activities haven’t started | D23: N | E23: N | F23: N | G23: N | H23: N | I23: N | J23: Y
A24: Evidence to support full/normal surrender | C24: Surrender- site: only if operator claiming full/normal i.e. has reference data been submitted) | D24: N | E24: N | F24: N | G24: N | H24: N | I24: N | J24: Y
A25: Site closure/ surrender report | C25: Surrender- site: The content of this report should enable us to confirm the area being surrendered matches the relevant permitted area. | D25: N | E25: N | F25: N | G25: N | H25: N | I25: N | J25: Y
A26: Report on ‘steps taken to avoid pollution/ return the site to satisfactory sate’. | D26: N | E26: N | F26: N | G26: N | H26: N | I26: N | J26: Y
A27: Site plan showing area being surrendered | D27: N | E27: N | F27: N | G27: N | H27: N | I27: N | J27: Y
A28: Appropriate forms submitted to the WR or WQ teams? | C28: Mining Waste only | D28: N | E28: N | F28: Y | G28: N | H28: Y | I28: N | J28: N
A29: Has geoscience made any comment on the WQ/WR forms that may be considered in determination? | C29: Mining Waste only | D29: N | E29: N | F29: Y | G29: N | H29: Y | I29: N | J29: N
A30: Percentage of required documents missing | B30: =(100*(COUNTIF(B3:B29,"No"))/((COUNTIF(B3:B29,"Yes"))+(COUNTIF(B3:B29,"No")))) -> 0 | C30: Where over 25% of responses are no, the application is regarded as incomplete | D30: Y | E30: Y | F30: Y | G30: Y | H30: Y | I30: Y | J30: Y

Sheet New SRP
A1: New SRP
A2: Qu | B2: Action | C2: Yes/No/NA | D2: Comments | E2: SR2009 No8 | F2: SR2017 No1 | G2: All other SRPs | I2: Yes
A3: Form | B3: Tell us what type of applicant you are has the type of applicant question answered? | C3: Yes | D3: company or corporate body: Hydro Aluminium Deeside Limited, Company registration number 1786117 | E3: Y | F3: Y | G3: Y | I3: No
A4: Form | B4: Tell us your details if you are applying as an individual If an individual, has the individual information provided? | C4: N/A | E4: Y | F4: Y | G4: Y | I4: N/A
A5: Form | B5: Tell us your details if you're an organisation of individuals (partnerships) If an organisation of individuals has the organisations details been provided? | C5: N/A | E5: Y | F5: Y | G5: Y
A6: Form | B6: Tell us about any partners If an organisation of individuals has partner 1-10 details been provided? | C6: N/A | E6: Y | F6: Y | G6: Y
A7: Form | B7: Tell us about your application as a public body If a public body, has the public body name been given? | C7: N/A | E7: Y | F7: Y | G7: Y
A8: Form | B8: has executive officer's details been given? | C8: N/A | E8: Y | F8: Y | G8: Y
A9: Form | B9: Tell us about your application as a registered company or other corporate body has the registered with Companies House question answered? | C9: Yes | D9: answered Yes- see above | E9: Y | F9: Y | G9: Y
A10: Form | B10: Give us evidence that you are a legal body that we can issue a permit to If answered No; has the legal body details been provided | C10: Yes | E10: Y | F10: Y | G10: Y
A11: Form | B11: has the evidence that you are a legal body been provided? | C11: Yes | E11: Y | F11: Y | G11: Y
A12: Form | B12: Tell us about your application as a registered company or other corporate body If answered Yes: has the company details been given? | C12: Yes | E12: Y | F12: Y | G12: Y
A13: Info | B13: Registered companies only; Is it registered and active on Companies House? | C13: Yes | D13: Date checked: 06/11/23 | E13: Y | F13: Y | G13: Y
A14: Info | B14: Is the applicant a legal person as per definition of ‘operator’? | C14: N/A | E14: Y | F14: Y | G14: Y
A15: Form | B15: Tell us who we can talk to about your application has the application contact details been provided? | C15: Yes | D15: Joel Priest: joel.priest@hydro.com | E15: Y | F15: Y | G15: Y
A16: Form | B16: Give us details of the person we can talk to about your operation has the operation contact details been provided? | C16: Yes | D16: Joel Priest: joel.priest@hydro.com | E16: Y | F16: Y | G16: Y
A17: Form | B17: Tell us who we can talk to about billing has the billing contact details been provided? | C17: Yes | D17: Dan Morear: dan.morear@hydro.com | E17: Y | F17: Y | G17: Y
A18: Form | B18: Tell us about the site's landowner has the landowner question been answered? | C18: Yes | D18: answered yes | E18: Y | F18: Y | G18: Y
A19: Form | B19: Landowner's details Has the landowner's details been provided? | C19: Yes | D19: Hyrdo Aluminium Deeside Limited is the land owner. | E19: Y | F19: Y | G19: Y
A20: Form | B20: Tell us about any pre-application advice we've given you has a pre-application reference been provided? | C20: Yes | D20: PPN-01033 | E20: Y | F20: Y | G20: Y
A21: Info | B21: Pre-application record found in DMS? | C21: Yes | D21: https://cyfoethnaturiolcymru.sharepoint.com/teams/Regulatory/Permitting/North%20EPR%20Waste%20Operations/Forms/NRW%20Perm-Comp%20Document%20Set/docsethomepage.aspx?ID=2747538&FolderCTID=0x0120D52000824C7CCC16790D469B8E16E1874A14710200EAC69A20958F6A4FB12BFE363C9AA20D&List=f4145418-6eb2-4e2f-90f8-d42e4734b249&RootFolder=%2Fteams%2FRegulatory%2FPermitting%2FNorth%20EPR%20Waste%20Operations%2FPPN%2D01033&RecSrc=%2Fteams%2FRegulatory%2FPermitting%2FNorth%20EPR%20Waste%20Operations%2FPPN%2D01033 | E21: Y | F21: Y | G21: Y
A22: Form | B22: Tell us what standard rules you are applying for have we been told what standard rules are being applied for? | C22: Yes | D22: SR2008 No21 Metal | E22: Y | F22: Y | G22: Y
A23: Form | B23: Tell us about the site Has the site name, adress and grid reference been given | C23: Yes | D23: Hydro Wrexham Scrap Hub, Bryn Lane, Wrexham Industrial Estate, Wrexham, LL13 9UU. 339040,350123. Gird reference and postcode go to different locations. Following a Not Duly made email a correct postcode of LL13 9UT was provided. | G23: Y
A24: Form | B24: Upload your site plan Has the site plan been uploaded? | C24: Yes | D24: document reference: Hydro Wrexham sorting HubSite Plan1 | G24: Y
A25: Form | B25: Tell us about any relevant offences has the relevant offences question been answered? | C25: Yes | D25: answered no No offence or convictions noted or declared. | E25: Y | F25: Y | G25: Y
A26: Form | B26: Tell us about the person convicted of a relevant offence If answered yes, have details been given? | C26: N/A | E26: Y | F26: Y | G26: Y
A27: Form | B27: Do you want to tell us about other relevant people with relevant offences? has other relevant people with relevant offences question answered? | C27: N/A | D27: answered no | E27: Y | F27: Y | G27: Y
A28: Form | B28: Tell us about other relevant offences If answered yes, have details been given? | C28: N/A | E28: Y | F28: Y | G28: Y
A29: Form | B29: Tell us about your technical ability Has technical ability question been answered? Do they already hold the relevant, formal qualifications? | C29: Yes | D29: answered no | E29: Y | F29: Y | G29: Y
A30: Form | B30: Give us your technical ability evidence has technical ability evidence been provided? This will be certificates or registration documents | C30: Yes | E30: Y | F30: Y | G30: Y
A31: Form | B31: Tell us about insolvency or bankruptcy has insolvency/ bankruptcy question been answered? | C31: Yes | D31: answered no bankruptcy | E31: Y | F31: Y | G31: Y
A32: Form | B32: Tell us about relevant people with bankruptcy or insolvency If answered yes, have details been given? | C32: N/A | E32: Y | F32: Y | G32: Y
A33: Form | B33: if required, have relevant documents been provided? | C33: N/A | E33: Y | F33: Y | G33: Y
A34: Form | B34: Tell us about your management system has the management system to be used been selected? | C34: Yes | D34: answered ISO 14001 | E34: Y | F34: Y | G34: Y
A35: Form | B35: have they confirmed the management system will meet the guidance | C35: Yes | E35: Y | F35: Y | G35: Y
A36: Form | B36: How we collect your personal data have they confirmed they understand how we will use data? | C36: Yes | E36: Y | F36: Y | G36: Y
A37: Form | B37: Freedom of Information have they confirmed they understand the Freedom of Information Act information? | C37: Yes | E37: Y | F37: Y | G37: Y
A38: Form | B38: National security Has the national security question been answered? | C38: Yes | D38: answered no | E38: Y | F38: Y | G38: Y
A39: Form | B39: Upload the national security letter you sent to Welsh Ministers If answered yes, has the letter been provided? | C39: N/A | E39: Y | F39: Y | G39: Y
A40: Form | B40: Do you want to make a confidentiality claim? Has the confidentiality claim question been answered | C40: Yes | D40: answered no | E40: Y | F40: Y | G40: Y
A41: Form | B41: Give reasons for your confidentiality claim If answered yes, has evidence been provided? | C41: N/A | E41: Y | F41: Y | G41: Y
A42: Form | B42: Tell us if you are signing on behalf of a relevant person Has the signing on behalf of a relevant person question been answered? | C42: N/A | D42: answered no | E42: Y | F42: Y | G42: Y
A43: Form | B43: Upload confirmation from a relevant person If answered yes, has evidence been provided? | C43: No | D43: Signatory is not a relevant person of the company as per compnaies house, nor has confirmation they may sign on behalf of the company been provided. Following a not dulymade RFI a relevant person confirmed the declation signatory had authority to sign on behalf of the company. | E43: Y | F43: Y | G43: Y
A44: Form | B44: Confirm that you are able to meet the standard rules criteria Have they confirmed they will meet the SRP? | C44: Yes | E44: Y | F44: Y | G44: Y
A45: Form | B45: If your application includes ecological survey information Have they confirmed that ecological survey information can be used? | C45: Yes | E45: Y | F45: Y | G45: Y
A46: Form | B46: Sign the declaration Has the declaration been signed? | C46: Yes | D46: Declaration has been signed but not by a company director. Or regestered company member on companies house. Following a not dulymade RFI a relevant person confirmed the declation signatory had authority to sign on behalf of the company. | E46: Y | F46: Y | G46: Y
A47: Info | B47: Has the declaration been signed by a relevant person? | C47: No | D47: as above Following a not dulymade RFI a relevant person confirmed the declation signatory had authority to sign on behalf of the company. | E47: Y | F47: Y | G47: Y
A48: Info | B48: Is the declaration correct? | C48: No | D48: As above Following a not dulymade RFI a relevant person confirmed the declation signatory had authority to sign on behalf of the company. | E48: Y | F48: Y | G48: Y
A49: Form | B49: Upload any additional declarations Are there additional declarations? | C49: N/A | D49: no | E49: Y | F49: Y | G49: Y
A50: Form | B50: If answered yes, has additional declarations been provided? | C50: N/A | E50: Y | F50: Y | G50: Y
A51: Info | B51: Has these declaration(s) been signed by a relevant person? | C51: N/A | E51: Y | F51: Y | G51: Y
A52: Info | B52: Are these declaration(s) correct? | C52: N/A | D52: Check against relevant people for a company or LLP. | E52: Y | F52: Y | G52: Y
A53: Form | B53: Tell us how you will pay us Has payment method been given? | C53: Yes | D53: phone | E53: Y | F53: Y | G53: Y
A54: Form | B54: Create a payment reference Has payment reference been given? | C54: N/A | D54: applicant paid by phone | E54: Y | F54: Y | G54: Y
A55: Form | B55: Enter your cheque number If paid by cheque, has a cheque number been given? | C55: N/A | E55: Y | F55: Y | G55: Y
A56: Info | B56: Is the payment on MyNRW | C56: Yes | E56: Y | F56: Y | G56: Y
A57: Info | B57: Is the fee correct? | C57: Yes | E57: Y | F57: Y | G57: Y
A58: Form | B58: Is there anything else you want to tell us? Has any other documents been uploaded? | C58: Yes | D58: Site condition report and site history has been sent with documents. | E58: Y | F58: Y | G58: Y
B59: Percentage of form incomplete | C59: =(100*(COUNTIF(C3:C58,"No"))/((COUNTIF(C3:C58,"Yes"))+(COUNTIF(C3:C58,"No")))) -> 8.3333333 | D59: Where over 25% of responses are no, the form is regarded as incomplete | E59: Y | F59: Y | G59: Y

Sheet Var SRP
A1: Variation of an SRP
A2: Qu | B2: Action | C2: Yes/No/NA | D2: Comments | E2: SR2009 No8 | F2: SR2017 No1 | G2: All other SRPs | I2: Yes
A3: Form | B3: Which permit do you want to change? Has the permit number been given? | E3: Y | F3: Y | G3: Y | I3: No
A4: Form | B4: Tell us about any pre-application advice we've given you has a pre-application reference been provided? | D4: n/a if no pre-app has been detailed by the applicant | E4: Y | F4: Y | G4: Y | I4: N/A
A5: Info | B5: Pre-application record found in DMS? | D5: Check DMS even if applicant has not provided info about pre-application- including CAR forms. n/a if none present, as above. | E5: Y | F5: Y | G5: Y
A6: Form | B6: Do your changes involve a name or address? Has the question been answered? | D6: Delete: answered yes/no | E6: Y | F6: Y | G6: Y
A7: Form | B7: Tell us what type of applicant you are has the type of applicant question answered? | D7: Delete: individual/organisation of individuals (e.g. partnership)/public body/company or corporate body | E7: Y | F7: Y | G7: Y
A8: Form | B8: Tell us your up to date details as an individual with a permit If an individual, has the individual information provided? | E8: Y | F8: Y | G8: Y
A9: Form | B9: Has explanation been given? | E9: Y | F9: Y | G9: Y
A10: Form | B10: Changes to details of your organisation of individuals (e.g. partnerships) If a partnership, have details of what's changing been given? | E10: Y | F10: Y | G10: Y
A11: Form | B11: Tell us about administrative changes to your public body If a public body, has the public body name been given? | E11: Y | F11: Y | G11: Y
A12: Form | B12: Have details of what's changing been given? | E12: Y | F12: Y | G12: Y
A13: Form | B13: Tell us about administrative changes to your company If a company, have details of what's changing been given? | E13: Y | F13: Y | G13: Y
A14: Info | B14: Registered companies only; Is it registered and active on Companies House? | D14: Date checked: | E14: Y | F14: Y | G14: Y
A15: Form | B15: Do you want to make any other changes to your permit? Has the question been answered? | D15: Delete: answered yes/no | E15: Y | F15: Y | G15: Y
A16: Form | B16: Do you want to increase the area of your standard rules permit? Has the question been answered? | D16: Delete: answered yes/no | E16: Y | F16: Y | G16: Y
A17: Form | B17: Upload a new site plan Has a site plan been uploaded? | E17: Y | F17: Y | G17: Y
A18: Form | B18: Do you want to add standard rule activities to your permit? Has the question been answered? | D18: Delete: answered yes/no | E18: Y | F18: Y | G18: Y
A19: Form | B19: Tell us what standard rules you are applying to add to your permit If yes, have the rule set(s) been given? | E19: Y | F19: Y | G19: Y
A20: Form | B20: Tell us about your waste recovery plan SR2017 No1 (waste recovery plan) only Has the question re having already assessed the plan been answered? | D20: Delete: answered yes-no changes/yes-changes/no | E20: N | F20: Y | G20: N
A21: Form | B21: Give us your waste recovery plan has the WRP been uploaded? | E21: N | F21: Y | G21: N
A22: Form | B22: Tell us about the changes you have made to your waste recovery plan If changes have been made; has a summary of the changes been given? | E22: N | F22: Y | G22: N
A23: Form | B23: Tell us about your mining waste operation SR2009 No8 (mining waste) only has the waste management plan question been answered? | D23: Delete: answered yes/no | E23: Y | F23: N | G23: N
A24: Form | B24: has the inspection question been answered? | D24: Delete: answered yes/no | E24: Y | F24: N | G24: N
A25: Form | B25: has the Category A facility justification question been answered? | D25: Delete: answered yes/no | E25: Y | F25: N | G25: N
A26: Form | B26: has the characterisation question been answered? | D26: Delete: answered yes/no | E26: Y | F26: N | G26: N
A27: Form | B27: has the inert confirmation question been answered? | D27: Delete: answered yes/no | E27: Y | F27: N | G27: N
A28: Form | B28: has the quantity question been answered? | D28: Delete: answered yes/no | E28: Y | F28: N | G28: N
A29: Form | B29: has the waste generation and treatment question been answered? | D29: Delete: answered yes/no | E29: Y | F29: N | G29: N
A30: Form | B30: has the adverse effect and preventive measures question been answered? | D30: Delete: answered yes/no | E30: Y | F30: N | G30: N
A31: Form | B31: has the closure question been answered? | D31: Delete: answered yes/no | E31: Y | F31: N | G31: N
A32: Form | B32: has the land condition survey question been answered? | D32: Delete: answered yes/no | E32: Y | F32: N | G32: N
A33: Form | B33: has the inert mining waste facility question been answered? | D33: Delete: answered yes/no | E33: Y | F33: N | G33: N
A34: Form | B34: has the number of inert mining waste facilities been given? | E34: Y | F34: N | G34: N
A35: Form | B35: has the sector category been given? | D35: Delete: answered construction/industrial/energy/other | E35: Y | F35: N | G35: N
A36: Form | B36: Confirm that you are able to meet the standard rules criteria Have they confirmed they will meet the SRP? | E36: Y | F36: Y | G36: Y
A37: Form | B37: Do you want to consolidate (combine) a number of permits as part of this proposed change? Has the question been answered? | D37: Delete: answered yes/no | E37: Y | F37: Y | G37: Y
A38: Form | B38: Tell us which permits you want to consolidate Have the permit numbers been given? | E38: Y | F38: Y | G38: Y
A39: Form | B39: Tell us who we can talk to about your application has the application contact details been provided? | E39: Y | F39: Y | G39: Y
A40: Form | B40: Give us details of the person we can talk to about your operation has the operation contact details been provided? | E40: Y | F40: Y | G40: Y
A41: Form | B41: Tell us who we can talk to about billing has the billing contact details been provided? | E41: Y | F41: Y | G41: Y
A42: Form | B42: Information about your ability as an operator Has the question been answered? | D42: Delete: answered adding a waste facility for the first time/varying waste/consolidating permits | E42: Y | F42: Y | G42: Y
A43: Form | B43: Tell us about any relevant offences has the relevant offences question been answered? | D43: Delete: answered yes/no | E43: Y | F43: Y | G43: Y
A44: Form | B44: Tell us about the person convicted of a relevant offence If answered yes, have details been given? | E44: Y | F44: Y | G44: Y
A45: Form | B45: Do you want to tell us about other relevant people with relevant offences? has other relevant people with relevant offences question answered? | D45: Delete: answered yes/no | E45: Y | F45: Y | G45: Y
A46: Form | B46: Tell us about other relevant offences If answered yes, have details been given? | E46: Y | F46: Y | G46: Y
A47: Form | B47: Tell us about your technical ability Has technical ability question been answered? | D47: Delete: answered yes/no | E47: Y | F47: Y | G47: Y
A48: Form | B48: Give us your technical ability evidence has technical ability evidence been provided? This will be certificates or registration documents | E48: Y | F48: Y | G48: Y
A49: Form | B49: Tell us about insolvency or bankruptcy has insolvency/ bankruptcy question been answered? | D49: Delete: answered yes/no | E49: Y | F49: Y | G49: Y
A50: Form | B50: Tell us about relevant people with bankruptcy or insolvency If answered yes, have details been given? | D50: Financial provision will be required if insolvent/bankrupt, or depending on activity type. | E50: Y | F50: Y | G50: Y
A51: Form | B51: if required, have relevant documents been provided? | E51: Y | F51: Y | G51: Y
A52: Form | B52: Tell us about your management system has the management system to be used been selected? | D52: Delete: answered EMAS, ISO14001/BS8555/Green Dragon/own | E52: Y | F52: Y | G52: Y
A53: Form | B53: have they confirmed the management system will meet the guidance | E53: Y | F53: Y | G53: Y
A54: Form | B54: How we collect your personal data have they confirmed they understand how we will use data? | E54: Y | F54: Y | G54: Y
A55: Form | B55: Freedom of Information have they confirmed they understand the Freedom of Information Act information? | E55: Y | F55: Y | G55: Y
A56: Form | B56: National security Has the national security question been answered? | D56: Delete: answered yes/no | E56: Y | F56: Y | G56: Y
A57: Form | B57: Upload the national security letter you sent to Welsh Ministers If answered yes, has the letter been provided? | E57: Y | F57: Y | G57: Y
A58: Form | B58: Do you want to make a confidentiality claim? Do they want to make a confidentiality claim? | D58: Delete: answered yes/no | E58: Y | F58: Y | G58: Y
A59: Form | B59: Give reasons for your confidentiality claim If answered yes, has evidence been provided? | E59: Y | F59: Y | G59: Y
A60: Form | B60: Tell us if you are signing on behalf of a relevant person Are they signing on behalf of a relevant person? | D60: Delete: answered yes/no | E60: Y | F60: Y | G60: Y
A61: Form | B61: Upload confirmation from a relevant person If answered yes, has evidence been provided? | E61: Y | F61: Y | G61: Y
A62: Form | B62: Confirm that you are able to meet the standard rules criteria Have they confirmed they will meet the SRP? | E62: Y | F62: Y | G62: Y
A63: Form | B63: If your application includes ecological survey information Have they confirmed that ecological survey information can be used? | E63: Y | F63: Y | G63: Y
A64: Form | B64: Sign the declaration Has the declaration been signed? | E64: Y | F64: Y | G64: Y
A65: Info | B65: Has the declaration been signed by a relevant person? | E65: Y | F65: Y | G65: Y
A66: Info | B66: Is the declaration correct? | D66: Check against relevant people for a company or LLP. | E66: Y | F66: Y | G66: Y
A67: Form | B67: Upload any additional declarations Have any additional declarations been uploaded? | E67: Y | F67: Y | G67: Y
A68: Form | B68: If answered yes, has additional declarations been provided? | E68: Y | F68: Y | G68: Y
A69: Info | B69: Has these declaration(s) been signed by a relevant person? | E69: Y | F69: Y | G69: Y
A70: Info | B70: Are these declaration(s) correct? | D70: Check against relevant people for a company or LLP. | E70: Y | F70: Y | G70: Y
A71: Form | B71: Tell us how you will pay us Has payment method been given? | D71: Delete: answered Bank transfer/phone/cheque | E71: Y | F71: Y | G71: Y
A72: Form | B72: Create a payment reference Has payment reference been given? | E72: Y | F72: Y | G72: Y
A73: Form | B73: Enter your cheque number If paid by cheque, has a cheque number been given? | E73: Y | F73: Y | G73: Y
A74: Info | B74: Is the payment on MyNRW | E74: Y | F74: Y | G74: Y
A75: Info | B75: Is the fee correct? | E75: Y | F75: Y | G75: Y
A76: Form | B76: Is there anything else you want to tell us? Has any other documents been uploaded? | E76: Y | F76: Y | G76: Y
B77: Percentage of form incomplete | C77: =(100*(COUNTIF(C3:C76,"No"))/((COUNTIF(C3:C76,"Yes"))+(COUNTIF(C3:C76,"No")))) -> #DIV/0! | D77: Where over 25% of responses are no, the form is regarded as incomplete | E77: Y | F77: Y | G77: Y

Sheet SRP location
A1: Location criteria checks- New SRP and Variation SRP only
B2: Answer: • Yes - if the criteria applies and the site is within the relevant distance, • No – if the criteria applies but the site is not within relevant distance, • N/A – if the criteria isn’t relevant to the rule set(s) you’re determining.
A3: Qu # | B3: Action | C3: Yes/No/NA | D3: Comments/ Document Ref. if given | G3: Yes
A4: 1 | B4: Special Areas of Conservation (SAC) | C4: No | D4: none within 500m of site as per SR conditions. | G4: No
A5: 2 | B5: Special Protection Area (SPA) | C5: No | D5: none within 500m of site as per SR conditions. | G5: N/A
A6: 3 | B6: Ramsar | C6: No | D6: none within 500m of site as per SR conditions.
A7: 4 | B7: Site of Special Scientific Interest (SSSI) | C7: No | D7: none within 500m of site as per SR conditions.
A8: 5 | B8: Protected species | C8: N/A
A9: 6 | B9: Protected Habitats | C9: N/A
A10: 7 | B10: Marine Protected Area (MPA) | C10: N/A
A11: 8 | B11: National Nature Reserve (NNR) | C11: N/A
A12: 9 | B12: Local Nature Reserve (LNR) | C12: N/A
A13: 10 | B13: Local Wildlife Site (LWS) | C13: N/A
A14: 11 | B14: Ancient Woodland | C14: N/A
A15: 12 | B15: World Heritage Site | C15: N/A
A16: 13 | B16: National Park | C16: N/A
A17: 14 | B17: Area of Outstanding Natural Beauty (Aon) | C17: N/A
A18: 15 | B18: Heritage Coast | C18: N/A
A19: 16 | B19: Scheduled Ancient Monument (SAM) | C19: N/A
... A25: 22 | B25: Well used for drinking water | C25: No
A26: 23 | B26: Spring used for drinking water | C26: No | D26: There is a water issue 10ms north of site boundry however having assessed the water course it is not for drinking water or other private use. See mapping report for details.
A27: 24 | B27: Borehole used for drinking water | C27: No
A28: 25 | B28: Water course | C28: N/A
A29: 26 | B29: Groundwater Source Protection Zone 1 | C29: N/A
A30: 27 | B30: Groundwater Source Protection Zone 2 | C30: N/A
A31: 28 | B31: Well used for domestic/ food production | C31: N/A
A32: 29 | B32: Spring used for domestic/ food production | C32: N/A
A33: 30 | B33: Borehole used for domestic/ food production | C33: N/A
A34: 31 | B34: In an Air Quality Management Area (AQMA) | C34: N/A
A35: 32 | B35: Building | C35: N/A

Sheet New Besp
A1: New Bespoke
A2: Qu | B2: Action | C2: Yes/No/NA | D2: Comments | F2: Yes
A3: Form | B3: Tell us what type of applicant you are has the type of applicant question answered? | D3: Delete: individual/organisation of individuals (e.g. partnership)/public body/company or corporate body | F3: No
A4: Form | B4: Tell us your details if you are applying as an individual If an individual, has the individual information provided? | F4: N/A
A5: Form | B5: Tell us your details if you're an organisation of individuals (partnerships) If an organisation of individuals has the organisations details been provided?
A6: Form | B6: Tell us about any partners If an organisation of individuals has partner 1-10 details been provided?
A7: Form | B7: Tell us about your application as a public body If a public body, has the public body name been given?
A8: Form | B8: has executive officer's details been given?
A9: Form | B9: Tell us about your application as a registered company or other corporate body has the registered with Companies House question answered? | D9: Delete: answered yes/no
A10: Form | B10: Tell us about your application as a registered company or other corporate body If answered Yes: has the company details been given?
A11: Info | B11: Registered companies only; Is it registered and active on Companies House? | D11: Date checked:
A12: Info | B12: Is the applicant a legal person as per definition of ‘operator’?
A13: Form | B13: Give us evidence that you are a legal body that we can issue a permit to If answered No; has the legal body details been provided
A14: Form | B14: has the evidence that you are a legal body been provided?
A15: Form | B15: Tell us who we can talk to about your application has the application contact details been provided?
A16: Form | B16: Give us details of the person we can talk to about your operation has the operation contact details been provided?
A17: Form | B17: Tell us who we can talk to about billing has the billing contact details been provided?
A18: Form | B18: Tell us about the site's landowner has the landowner question been answered? | D18: Delete: answered yes/no Not for mobile plant
A19: Form | B19: Landowner's details Has the landowner's details been provided? | D19: If the landowner details have not been correctly provided, we can ask for them, but it is not a reason to not duly make an application. Not for mobile plant
A20: Form | B20: Tell us about any pre-application advice we've given you has a pre-application reference been provided? | D20: n/a if no pre-app has been detailed by the applicant
A21: Info | B21: Pre-application record found in DMS? | D21: Check DMS even if applicant has not provided info about pre-application- including CAR forms. n/a if none present, as above.
A22: Form | B22: Tell us if you are applying for a bespoke mobile plant permit has the mobile plant question been answered? | D22: Delete: answered yes/no
A23: Form | B23: Tell us about the site have the site details been given including site name, address and 12 digit NGR? | D23: Not for mobile plant
A24: Form | B24: Upload your site plan Has a site plan been uploaded? | D24: not for mobile plant check where the activity is required to happen i.e. inside a building or not vs what is included in the site boundary to see if permit can be complied with/site boundary is suitable
A25: Info | B25: Does it meet the guidance? | D25: Not for mobile plant
A26: Form | B26: Give us a site condition report Has a SCR been uploaded? | D26: Not for mobile plant
A27: Form | B27: Give us a non-technical summary of your application Has a NTS been uploaded?
A28: Form | B28: Tell us about the activities you want to do For each waste activity has the name, description, D/R codes, and hazardous/non-hazardous treatment capacities been given?
A29: Form | B29: Tell us about the total storage capacity Have the total storage capacities of hazardous/non-hazardous and total annual throughput been given?
A30: Form | B30: Tell us about the type of waste you will accept on site Has a waste code document been uploaded? | D30: 99 codes should be queried. Please note that you can include a caveat on the waste code if you want to limit the waste that can be accepted.
A31: Form | B31: Do you plan to treat batteries? Has the question been answered? | D31: Delete: answered yes/no
A32: Form | B32: Tell us about your plan for treating batteries If answered yes, has a document been uploaded?
A33: Form | B33: Have you applied to deposit waste for recovery? Has the question been answered? | D33: Delete: answered yes/no
A34: Form | B34: Tell us about your waste recovery plan Has the question re having already assessed the plan been answered? | D34: Delete: answered yes-no changes/yes-changes/no
A35: Form | B35: Give us your waste recovery plan has the WRP been uploaded?
A36: Form | B36: Give us an environmental risk assessment Has a Risk Assessment been provided? | D36: Must include receptors identified during screening
A37: Form | B37: Do you need to tell us about point source emissions to air? Has the question been answered? | D37: Delete: answered yes/no
A38: Form | B38: Point source emissions to air If yes, has information on the Emission point reference and location, Source, Parameter, Amount, and Unit been given for each emission point? | D38: Is the site within an area designated within the Clean Air Plan for Wales?
A39: Form | B39: Do you need to tell us about point source emissions to water (not sewers)? Has the question been answered? | D39: Delete: answered yes/no
A40: Form | B40: Point source emissions to water (not sewers) If yes, has information on the Emission point reference and location, Source, Parameter, Amount, and Unit been given for each emission point?
A41: Form | B41: Do you need to tell us about point source emissions to sewers, effluent treatment plants or other transfers off-site? Has the question been answered? | D41: Delete: answered yes/no
A42: Form | B42: Point source emissions to sewers, effluent treatment plants or other transfers off-site If yes, has information on the Emission point reference and location, Source, Parameter, Amount, and Unit been given for each emission point?
A43: Form | B43: Do you need to tell us about point source emissions to land? Has the question been answered? | D43: Delete: answered yes/no
A44: Form | B44: Point source emissions to land If yes, has information on the Emission point reference and location, Source, Parameter, Amount, and Unit been given for each emission point?
A45: Form | B45: Give us a site plan that shows emission points has an emission point site plan been uploaded?
A46: Form | B46: Tell us about your technical or other relevant standard Have technical/relevant standards been listed?
A47: Form | B47: Did the technical guidance note or H1 assessment shown that emission of substances not controlled by emission limits are an important issue? Has the question been answered? | D47: Delete: answered yes/no
A48: Form | B48: Upload your plan for managing emissions of substances not controlled by emission limits (fugitive emissions) If yes, has the management plan been uploaded?
A49: Form | B49: If you think that fugitive emissions are unlikely to be a problem If no, has explanation been given?
A50: Info | B50: Fugitive emissions: If the site falls within the scope of the following Environment Agency's Control and monitor emissions for your environmental permit guidance (dust section), has a DEMP been provided? | D50: If yes, a DEMP is required, and the dust tab should be completed. If no, a DEMP is not required and you do not need to complete the dust tab, and the answer should be marked as "n/a".
A51: Form | B51: Did the technical guidance note or H1 assessment show that odours are an important issue? Has the question been answered? | D51: Delete: answered yes/no
A52: Form | B52: Upload your odour management plan If yes, has the management plan been uploaded?
A53: Form | B53: If you think that odour is unlikely to be a problem If no, has explanation been given?
A54: Info | B54: Odour: a) If the site is undertaking an activity for 'which odour is a key issue' as outlined in 'how to comply with your environmental permit' guidance, has an OMP been provided? | D54: If yes, an OMP is required, and the odour tab should be completed. If no, an OMP is not required and you do not need to complete the odour tab, and the answer should be marked as "n/a".
A55: Info | B55: Odour: b) If the site's risk assessment has highlighted there is a risk of odour from this activity, has an OMP been provided? | D55: If yes, an OMP is required, and the odour tab should be completed. If no, an OMP is not required and you do not need to complete the odour tab, and the answer should be marked as "n/a".
A56: Form | B56: Did your technical guidance note or H1 assessment show that noise or vibration are important issues? Has the question been answered? | D56: Delete: answered yes/no
A57: Form | B57: Upload your noise impact assessment and/or vibration management plan If yes, has the impact assessment and/or management plan been uploaded?
A58: Form | B58: If you think that noise is unlikely to be a problem If no, has explanation been given?
A59: Info | B59: Noise: If a Noise Impact Assessment is required, has it been provided? | D59: Use the qualitative noise screening tool to help guide your decision. If yes, a NIA is required, and the noise tab should be completed. If no, a NIA is not required and you do not need to complete the noise tab, and the answer should be marked as "n/a".
A60: Info | B60: Noise: If an adverse impact or significant adverse impact is concluded by the NIA, has a Noise Management Plan been provided?
A61: Form | B61: Did our fire prevention guidance or your H1 assessment show that fire risk is an important issue? Has the question been answered? | D61: Delete: answered yes/no
A62: Form | B62: Upload your fire prevention and mitigation plan If yes, has the management plan been uploaded?
A63: Form | B63: If you think that fire is unlikely to be a problem If no, has explanation been given?
A64: Info | B64: Fire: Is this a new bespoke permit application, that includes the acceptance and storage of combustible waste? | D64: Yes - FPMP is required and the FPMP tab must be completed. No - you do not need to complete the FPMP tab
A65: Info | B65: Pests (not a application question) If a dedicated pests management plan required, has it been provided? This will depend on the types of wastes accepted, treatment types etc | D65: If yes, a PMP is required, complete the pests tab. If no, a PMP is not required and you do not need to complete the pests tab, and the answer should be marked as "n/a".
A66: Form | B66: Tell us about your emissions monitoring measures Has a document on measures used to monitor emissions uploaded?
A67: Form | B67: Has an assessment of the sampling locations used to measure point source emissions to air been uploaded?
A68: Form | B68: Give information for clinical waste Has the question been answered? | D68: Delete: answered yes/no
A69: Form | B69: Questions for the clinical waste sector Has the pre-acceptance question been answered?
A70: Form | B70: If answered Yes, has the document reference been given? If answered No, has document been uploaded?
A71: Form | B71: Has the waste acceptance question been answered?
A72: Form | B72: If answered Yes, has the document reference been given? If answered No, has document been uploaded?
A73: Form | B73: Has the waste storage, handling etc. question been answered?
A74: Form | B74: If answered Yes, has the document reference been given? If answered No, has document been uploaded?
A75: Form | B75: Has the monitoring procedures question been answered?
A76: Form | B76: If answered Yes, has the document reference been given? If answered No, has document been uploaded?
A77: Form | B77: Has the additional waste question/other permitted activity document been uploaded?
A78: Form | B78: Has the treatment activities document been uploaded?
A79: Form | B79: Have the layout plans been uploaded?
A80: Form | B80: Does your activity involve hazardous waste recovery and disposal? Has the question been answered? | D80: Delete: answered yes/no
A81: Form | B81: Questions for the hazardous waste recovery and disposal sector Has the pre-acceptance question been answered?
A82: Form | B82: If answered Yes, has the document reference been given? If answered No, has justification been given, or document uploaded?
A83: Form | B83: Has the waste acceptance question been answered?
A84: Form | B84: If answered Yes, has the document reference been given? If answered No, has justification been given, or document uploaded?
A85: Form | B85: Has the waste storage procedures and infrastructure question been answered?
A86: Form | B86: If answered Yes, has the document reference been given? If answered No, has justification been given, or document uploaded?
A87: Form | B87: Has the layout plan been uploaded?
A88: Form | B88: Has the summary of the treatment activities been uploaded?
A89: Form | B89: Have the treatment layout plan and flow diagram been uploaded?
A90: Form | B90: Does your activity involve recovery to land for agricultural benefit of compost like outputs from treatment of municipal mixed wastes? Has the question been answered? | D90: Delete: answered yes/no
A91: Form | B91: Questions for the recovery to land for agricultural benefit of compost like outputs from the treatment of mixed municipal solid wastes Has the characterisation document been uploaded?
A92: Form | B92: Has the agricultural benefit assessment been uploaded?
A93: Form | B93: Has the soil and food chain receptors risk assessment been uploaded?
A94: Form | B94: Has the technical standards and measures question been answered?
A95: Form | B95: If answered No, has justification been given, or document uploaded?
A96: Form | B96: Does your activity involve inert landfill? Has the question been answered? | D96: Delete: answered yes/no
A97: Form | B97: Questions for inert landfills Has the ESID report been uploaded?
A98: Form | B98: If a hydrogeological risk assessment has been completed, has it been uploaded?
A99: Form | B99: Has the stability risk assessment been uploaded?
A100: Form | B100: If a landfill gas risk assessment been completed, has it been uploaded?
...

Sheet Var Besp
A1: Variation of a bespoke
A2: Qu | B2: Action | C2: Yes/No/NA | D2: Comments | F2: Yes
A3: Form | B3: Tell us which permit(s) you want to change Has the permit number been given? | F3: No
A4: Form | B4: Tell us about any pre-application advice we've given you has a pre-application reference been provided? | D4: n/a if no pre-app has been detailed by the applicant | F4: N/A
A5: Info | B5: Pre-application record found in DMS? | D5: Check DMS even if applicant has not provided info about pre-application- including CAR forms. n/a if none present, as above.
A6: Form | B6: Do you want to make an administrative change? Has the question been answered? | D6: Delete: answered yes/no
A7: Form | B7: What type of permit holder are you? has the type of permit holder question answered? | D7: Delete: individual/organisation of individuals (e.g. partnership)/public body/company or corporate body
A8: Form | B8: Tell us your up to date details as an individual with a permit If an individual, has the individual information provided?
A9: Form | B9: Has explanation been given?
A10: Form | B10: Tell us about changes to details of your organisation of individuals (e.g. partnerships) If a partnership, have details of what's changing been given?
A11: Form | B11: Tell us about administrative changes to your public body If a public body, has the public body name been given?
A12: Form | B12: Have details of what's changing been given?
A13: Form | B13: Tell us about administrative changes to your company If a company, have details of what's changing been given?
A14: Info | B14: Registered companies only; Is it registered and active on Companies House? | D14: Date checked:
A15: Form | B15: Tell us who we can talk to about this administrative change Have contact details been given?
A16: Form | B16: Do want to make more changes to your permit? Has the question been answered? | D16: Delete: answered yes/no
A17: Form | B17: Do you want to make a minor technical or normal change to your permit? Has the question been answered? | D17: Delete: answered normal/minor technical
A18: Form | B18: Give a summary of your application Has a summary been given?
A19: Form | B19: Do you want to apply to consolidate permits? Has the question been answered? | D19: Delete: answered yes/no
A20: Form | B20: Identify all the permits you want to consolidate If yes, have permit numbers been given?
A21: Form | B21: Do want to make more changes to your permit? Has the question been answered? | D21: Delete: answered yes/no
A22: Form | B22: Do you want to add land to your permit or provide an updated site plan? Has the question been answered? | D22: Delete: answered yes/no
A23: Form | B23: Upload a site condition report and site plans for the extra land Has a SCR and site plan(s) been uploaded?
A24: Form | B24: Are you planning to treat batteries? Has the question been answered? | D24: Delete: answered yes/no
A25: Form | B25: Tell us how you will treat batteries If yes, has document been uploaded?
A26: Form | B26: Tell us about the waste activity you are applying to add or change For each waste activity has the name, description, D/R codes, and hazardous/non-hazardous treatment capacities been given?
A27: Form | B27: Tell us about the total storage capacity and annual throughput Have the total storage capacities of hazardous/non-hazardous and total annual throughput been given?
A28: Form | B28: Do you want to accept new types of waste on site? Has the question been answered? | D28: Delete: answered yes/no
A29: Form | B29: Tell us about new types of waste you will accept on site If yes, has a waste code document been uploaded? | D29: 99 codes should be queried. Please note that you can include a caveat on the waste code if you want to limit the waste that can be accepted.
A30: Form | B30: Have you applied to deposit waste for recovery? Has the question been answered? | D30: Delete: answered yes/no
A31: Form | B31: Tell us about your waste recovery plan Has the question re having already assessed the plan been answered? | D31: Delete: answered yes-no changes/yes-changes/no
A32: Form | B32: Give us your waste recovery plan has the WRP been uploaded?
A33: Form | B33: Tell us about changes you have made to your waste recovery plan Has a summary be given?
A34: Form | B34: Give an assessment of the risks each of your proposed activities cause to the environment Has a risk assessment been uploaded? | D34: Must include receptors identified during screening
A35: Form | B35: Do you need to tell us about point source emissions to air? Has the question been answered? | D35: Delete: answered yes/no
A36: Form | B36: Point source emissions to air If yes, has information on the Emission point reference and location, Source, Parameter, Amount, and Unit been given for each emission point? | D36: Is the site within an area designated within the Clean Air Plan for Wales?
A37: Form | B37: Have the measures used to monitor emissions been given?
A38: Form | B38: Has an assessment of sampling locations been given?
A39: Form | B39: Do you need to tell us about point source emissions to water (not sewers)? Has the question been answered? | D39: Delete: answered yes/no
A40: Form | B40: Point source emissions to water (not sewers) If yes, has information on the Emission point reference and location, Source, Parameter, Amount, and Unit been given for each emission point?
A41: Form | B41: Have the measures used to monitor emissions been given?
A42: Form | B42: Do you need to tell us about point source emissions to sewers, effluent treatment plants or other transfers off-site? Has the question been answered? | D42: Delete: answered yes/no
A43: Form | B43: Point source emissions to sewers, effluent treatment plants or other transfers off-site If yes, has information on the Emission point reference and location, Source, Parameter, Amount, and Unit been given for each emission point?
A44: Form | B44: Have the measures used to monitor emissions been given?
A45: Form | B45: Do you need to tell us about point source emissions to land? Has the question been answered? | D45: Delete: answered yes/no
A46: Form | B46: Point source emissions to land If yes, has information on the Emission point reference and location, Source, Parameter, Amount, and Unit been given for each emission point?
A47: Form | B47: Have the measures used to monitor emissions been given?
A48: Form | B48: Give us a site plan that shows emission points has an emission point site plan been uploaded?
A49: Form | B49: Tell us about your technical or other relevant standard Have technical/relevant standards been listed?
A50: Form | B50: Did the technical guidance note or H1 assessment shown that emission of substances not controlled by emission limits are an important issue? Has the question been answered? | D50: Delete: answered yes/no
A51: Form | B51: Upload your plan for managing emissions of substances not controlled by emission limits (fugitive emissions) If yes, has the management plan been uploaded?
A52: Info | B52: Fugitive emissions: If the site falls within the scope of the following Environment Agency's Control and monitor emissions for your environmental permit guidance (dust section), has a DEMP been provided? | D52: If yes, a DEMP is required, and the dust tab should be completed. If no, a DEMP is not required and you do not need to complete the dust tab, and the answer should be marked as "n/a".
A53: Form | B53: Did the technical guidance note or H1 assessment show that odours are an important issue? Has the question been answered? | D53: Delete: answered yes/no
A54: Form | B54: Upload your odour management plan If yes, has the management plan been uploaded?
A55: Info | B55: Odour: a) If the site is undertaking an activity for 'which odour is a key issue' as outlined in 'how to comply with your environmental permit' guidance, has an OMP been provided? | D55: If yes, an OMP is required, and the odour tab should be completed. If no, an OMP is not required and you do not need to complete the odour tab, and the answer should be marked as "n/a".
A56: Info | B56: Odour: b) If the site's risk assessment has highlighted there is a risk of odour from this activity, has an OMP been provided? | D56: If yes, an OMP is required, and the odour tab should be completed. If no, an OMP is not required and you do not need to complete the odour tab, and the answer should be marked as "n/a".
A57: Info | B57: Odour: c) If variation, and operations have indicated that there is an issue with odour from the facility, has an OMP been provided? | D57: If yes, an OMP is required, and the odour tab should be completed. If no, an OMP is not required and you do not need to complete the odour tab, and the answer should be marked as "n/a".
A58: Form | B58: Did your technical guidance note or H1 assessment show that noise or vibration are important issues? Has the question been answered? | D58: Delete: answered yes/no
A59: Form | B59: Upload your noise impact assessment and/or vibration management plan If yes, has the impact assessment and/or management plan been uploaded?
A60: Info | B60: Noise: If a Noise Impact Assessment is required, has it been provided? | D60: Use the qualitative noise screening tool to help guide your decision. If yes, a NIA is required, and the noise tab should be completed. If no, a NIA is not required and you do not need to complete the noise tab, and the answer should be marked as "n/a". NIA and NMP is required if the variation application increases the risk of noise, e.g.: - additional noisy plant - increasing activities outside - operating at night
A61: Info | B61: Noise: If an adverse impact or significant adverse impact is concluded by the NIA, has a Noise Management Plan been provided?
A62: Form | B62: Did our fire prevention guidance or your H1 assessment show that fire risk is an important issue? Has the question been answered? | D62: Delete: answered yes/no
A63: Form | B63: Upload your fire prevention and mitigation plan If yes, has the management plan been uploaded?
A64: Info | B64: Fire: If this is a variation to add a new combustible material, has an FPMP been provided? | D64: Yes - FPMP is required and the FPMP tab must be completed. No - mark as N/A
A65: Info | B65: Fire: If this is a variation to add a new activity, has an FPMP been provided? | D65: Yes - FPMP is required and the FPMP tab must be completed. No - mark as N/A
A66: Info | B66: Fire: If this is a variation to increase the amount of waste stored at any one time, has an FPMP been provided? | D66: Yes - FPMP is required and the FPMP tab must be completed. No - mark as N/A
A67: Info | B67: Fire: If this is a variation to increase the annual throughput only, has the required statement been provided? | D67: Yes - FPMP is not required. BUT applicant must provide written confirmation of the following: increase in annual throughput only, storage of combustible material referenced in the guidance will not increase from current levels and the measures used to manage current storage levels (at any one time limits) meet the standards in the guidance. IMPORTANT: All sections in FPMPs for variations will not necessarily need to be assessed as part of determination. We need the FPMP to include details on existing combustible waste types, site layout, separation distances etc. so that we can assess the new combustible materials/ activities in relation to these. However, we can’t ask for information on existing activities/wastes that are already permitted (i.e. amount of waste accepted, stack sizes, turning, water supplies for existing stacks). Technically under a variation we can only ask for information/ assess information that we need in order to make a decision on the what the operator is applying to change in their permit. You need to keep this in mind when completing this checklist. If in doubt, speak to your mentor.
A68: Info | B68: Pests (not an application question) If a dedicated pests management plan required, has it been provided? This will depend on the types of wastes accepted, treatment types etc | D68: If yes, a PMP is required, complete the pests tab. If no, a PMP is not required and you do not need to complete the pests tab, and the answer should be marked as "n/a".
A69: Form | B69: Give information for clinical waste Has the question been answered? | D69: Delete: answered yes/no
A70: Form | B70: Questions for the clinical waste sector Has the pre-acceptance question been answered?
A71: Form | B71: If answered Yes, has the document reference been given? If answered No, has document been uploaded?
A72: Form | B72: Has the waste acceptance question been answered?
A73: Form | B73: If answered Yes, has the document reference been given? If answered No, has document been uploaded?
A74: Form | B74: Has the waste storage, handling etc. question been answered?
A75: Form | B75: If answered Yes, has the document reference been given? If answered No, has document been uploaded?
A76: Form | B76: Has the monitoring procedures question been answered?
A77: Form | B77: If answered Yes, has the document reference been given? If answered No, has document been uploaded?
A78: Form | B78: Has the additional waste question/other permitted activity question been answered?
A79: Form | B79: If yes, has justification been given?
A80: Form | B80: Has the treatment activities summary been given?
A81: Form | B81: Have the layout plans and process flows been uploaded?
A82: Form | B82: Does your activity involve hazardous waste recovery and disposal? Has the question been answered? | D82: Delete: answered yes/no
A83: Form | B83: Questions for the hazardous waste recovery and disposal sector Has the pre-acceptance question been answered?
A84: Form | B84: If answered Yes, has the document reference been given? If answered No, has justification been given, or document uploaded?
A85: Form | B85: Has the waste acceptance question been answered?
A86: Form | B86: If answered Yes, has the document reference been given? If answered No, has justification been given, or document uploaded?
A87: Form | B87: Has the waste storage procedures and infrastructure question been answered?
A88: Form | B88: If answered Yes, has the document reference been given? If answered No, has justification been given, or document uploaded?
A89: Form | B89: Has the layout plan been uploaded?
A90: Form | B90: Has the summary of the treatment activities been uploaded?
A91: Form | B91: Have the treatment layout plan and flow diagram been uploaded?
A92: Form | B92: Does your activity involve recovery to land for agricultural benefit of compost like outputs from treatment of municipal mixed wastes? Has the question been answered? | D92: Delete: answered yes/no
A93: Form | B93: Questions for the recovery to land for agricultural benefit of compost like outputs from the treatment of mixed municipal solid wastes Has the characterisation document been uploaded?
A94: Form | B94: Has the agricultural benefit assessment been uploaded?
A95: Form | B95: Has the soil and food chain receptors risk assessment been uploaded?
A96: Form | B96: Has the technical standards and measures question been answered? | D96: Delete: answered yes/no
A97: Form | B97: If answered No, has justification been given, or document uploaded?
A98: Form | B98: Does your activity involve inert landfill? Has the question been answered? | D98: Delete: answered yes/no
A99: Form | B99: Questions for inert landfills Has the ESID report been uploaded?
A100: Form | B100: If a hydrogeological risk assessment has been completed, has it been uploaded?
...

Sheet Transfer
A1: Transfer
A2: Qu | B2: Action | C2: Yes/No/NA | D2: Comments | E2: Full | F2: Part | H2: Yes
A3: Form | B3: Tell us what type of applicant you are has the type of applicant question answered? | D3: Delete: individual/organisation of individuals (e.g. partnership)/public body/company or corporate body | E3: Y | F3: Y | H3: No
A4: Form | B4: Tell us your details if you are applying as an individual If an individual, has the individual information provided? | E4: Y | F4: Y | H4: N/A
A5: Form | B5: Tell us your details if you're an organisation of individuals (partnerships) If an organisation of individuals has the organisations details been provided? | E5: Y | F5: Y
A6: Form | B6: Tell us about any partners If an organisation of individuals has partner 1-10 details been provided? | E6: Y | F6: Y
A7: Form | B7: Tell us about your application as a public body If a public body, has the public body name been given? | E7: Y | F7: Y
A8: Form | B8: has executive officer's details been given? | E8: Y | F8: Y
A9: Form | B9: Tell us about your application as a registered company or other corporate body has the registered with Companies House question been answered? | D9: Delete: answered yes/no | E9: Y | F9: Y
A10: Form | B10: Give us evidence that you are a legal body that we can issue a permit to If answered No; has the legal body details been provided | E10: Y | F10: Y
A11: Form | B11: has the evidence that you are a legal body been provided? | E11: Y | F11: Y
A12: Form | B12: Tell us about your application as a registered company or other corporate body If answered Yes: has the company details been given? | E12: Y | F12: Y
A13: Info | B13: Registered companies only; Is it registered and active on Companies House? | D13: Date checked: | E13: Y | F13: Y
A14: Info | B14: Is the applicant a legal person as per definition of ‘operator’? | E14: Y | F14: Y
A15: Form | B15: Tell us who we can talk to about your application has the application contact details been provided? | E15: Y | F15: Y
A16: Form | B16: Give us details of the person we can talk to about your operation has the operation contact details been provided? | E16: Y | F16: Y
A17: Form | B17: Tell us who we can talk to about billing has the billing contact details been provided? | E17: Y | F17: Y
A18: Form | B18: Are you applying to transfer a site or a mobile plant permit? Has question been answered? | D18: Delete: answered site/mobile plant | E18: Y | F18: Y
A19: Form | B19: Tell us about the site Has the site information been provided? | E19: Y | F19: Y
A20: Form | B20: Tell us the number of the permit you are applying to have transferred to you Has permit number been given? | E20: Y | F20: Y
A21: Form | B21: Tell us about any pre-application advice we've given you has a pre-application reference been provided? | D21: n/a if no pre-app has been detailed by the applicant | E21: Y | F21: Y
A22: Info | B22: Pre-application record found in DMS? | D22: Check DMS even if applicant has not provided info about pre-application- including CAR forms. n/a if none present, as above. | E22: Y | F22: Y
A23: Form | B23: Tell us if you are applying to transfer all or part of the permit to yourself Has question been answered? | D23: Delete: answered all/part | E23: Y | F23: Y
A24: Form | B24: Are you transferring a part of a standard rules or bespoke permit? Has question been answered? | D24: Delete: answered standard rules/bespoke | E24: N | F24: Y
A25: Form | B25: Is the applicant a legal person as per definition of ‘operator’? | E25: N | F25: Y
A26: Form | B26: Give the name of the standard rules set or sets you want transferred to you If SRP, has rule set numbers to be transferred been given? | E26: N | F26: Y
A27: Form | B27: Tell us which parts of the bespoke waste permit you want transferred to you If bespoke, have supporting documented been uploaded?? | E27: N | F27: Y
A28: Form | B28: Provide site plans for part transfers Have site plans been uploaded? | E28: N | F28: Y
A29: Form | B29: Tell us if the parts of the permit that are not being transferred need to be changed Has the question been answered? | D29: Delete: answered yes/no | E29: N | F29: Y
A30: Form | B30: Explain why you think the permit will need to be changed (varied) Has the explanation been given? | E30: N | F30: Y
A31: Form | B31: Will the management structure and management system remain substantially the same after transfer? Has question been answered and document(s) uploaded? | D31: Delete: answered yes/no The content of the document(s) uploaded will help dictate potentially the level of assessment required at determination: EXAMPLE: if the submitted document for this question says the TCM is the same as the one when we assessed the original permit, theoretically you do not need to assess the original award at determination, only the continuing competency. | E31: Y | F31: Y
A32: Form | B32: Tell us about any relevant offences has the relevant offences question been answered? | D32: Delete: answered yes/no | E32: Y | F32: Y
A33: Form | B33: Tell us about the person convicted of a relevant offence If answered yes, have details been given? | E33: Y | F33: Y
A34: Form | B34: Do you want to tell us about other relevant people with relevant offences? has other relevant people with relevant offences question answered? | D34: Delete: answered yes/no | E34: Y | F34: Y
A35: Form | B35: Tell us about other relevant offences If answered yes, have details been given? | E35: Y | F35: Y
A36: Form | B36: Tell us about your technical ability has technical ability evidence been provided? This will be certificates only | E36: Y | F36: Y
A37: Form | B37: Tell us about insolvency or bankruptcy has insolvency/ bankruptcy question been answered? | D37: Delete: answered yes/no | E37: Y | F37: Y
A38: Form | B38: Tell us about relevant people with bankruptcy or insolvency If answered yes, have details been given? | D38: Financial provision will be required if insolvent/bankrupt, or depending on activity type. | E38: Y | F38: Y
A39: Form | B39: if required, have relevant documents been provided? | E39: Y | F39: Y
A40: Form | B40: Tell us about your management system has the management system to be used been selected? | D40: Delete: answered EMAS, ISO14001/BS8555/Green Dragon/own | E40: Y | F40: Y
A41: Form | B41: has the EMS been uploaded? | E41: Y | F41: Y
A42: Form | B42: have they confirmed the management system will meet the guidance | D42: Confirm in writing applicant whether the EMS is based on the existing approved EMS. If yes, log in duly making checklist. No assessment of management plans to be done at determination. If no, log this in the duly making checklist. Determining officer must assess the EMS at determination stage, checking it is in line with “How to Comply” to satisfy the operator competence check. | E42: Y | F42: Y
A43: Form | B43: Tell us the date you want the transfer to take place Has the date been given? | D43: If this date is in the past we cannot retrospectively issue a transfer. If the date is in the future- check if this is a legal or date, or just 2 months from submission | E43: Y | F43: Y
A44: Form | B44: How we collect your personal data have they confirmed they understand how we will use data? | E44: Y | F44: Y
A45: Form | B45: Freedom of Information have they confirmed they understand the Freedom of Information Act information? | E45: Y | F45: Y
A46: Form | B46: Do you want to make a confidentiality claim? Do they want to make a confidentiality claim? | D46: Delete: answered yes/no | E46: Y | F46: Y
A47: Form | B47: Give reasons for your confidentiality claim If answered yes, has evidence been provided? | E47: Y | F47: Y
A48: Form | B48: National security Has the national security question been answered? | D48: Delete: answered yes/no | E48: Y | F48: Y
A49: Form | B49: Upload the national security letter you sent to Welsh Ministers If answered yes, has the letter been provided? | E49: Y | F49: Y
A50: Form | B50: Tell us if you are signing on behalf of a relevant person Are they signing on behalf of a relevant person? | D50: Delete: answered yes/no | E50: Y | F50: Y
A51: Form | B51: Upload confirmation from a relevant person If answered yes, has evidence been provided? | E51: Y | F51: Y
A52: Form | B52: Does your application include a standard facility? Has the question been answered? | E52: Y | F52: Y
A53: Form | B53: Confirm that you are able to meet the standard rules criteria If yes; Have they confirmed they will meet the SRP? | E53: Y | F53: Y
A54: Form | B54: If your application includes ecological survey information Have they confirmed that ecological survey information can be used? | E54: Y | F54: Y
A55: Form | B55: Declaration for the proposed new permit holder Has the declaration been signed? | E55: Y | F55: Y
A56: Info | B56: Has the declaration been signed by a relevant person? | E56: Y | F56: Y
A57: Info | B57: Is the declaration correct? | D57: Check against relevant people for a company or LLP. | E57: Y | F57: Y
A58: Form | B58: Current permit holder's declaration Has the current permit holders declaration been uploaded? | E58: Y | F58: Y
A59: Form | B59: Tell us how you will pay us Has payment method been given? | D59: Delete: answered Bank transfer/phone/cheque | E59: Y | F59: Y
A60: Form | B60: Enter your cheque number If paid by cheque, has a cheque number been given? | E60: Y | F60: Y
A61: Form | B61: Create a payment reference Has payment reference been given? | E61: Y | F61: Y
A62: Info | B62: Is the payment on MyNRW | E62: Y | F62: Y
A63: Info | B63: Is the fee correct? | E63: Y | F63: Y
A64: Form | B64: Is there anything else you want to tell us? Has any other documents been uploaded? Or information given? | E64: Y | F64: Y
B65: Percentage of form incomplete | C65: =(100*(COUNTIF(C3:C64,"No"))/((COUNTIF(C3:C64,"Yes"))+(COUNTIF(C3:C64,"No")))) -> #DIV/0! | D65: Where over 25% of responses are no, the form is regarded as incomplete | E65: Y | F65: Y

Sheet Surrender
A1: Surrender
A2: Qu # | B2: Action | C2: Yes/No/NA | D2: Comments/ Document Ref. if given | E2: Full- Site | F2: Part- Site | G2: Mobile Plant
A3: Form | B3: Tell us what type of applicant you are has the type of applicant question been answered? | D3: Delete: individual/organisation of individuals (e.g. partnership)/public body/company or corporate body | E3: Y | F3: Y | G3: Y | I3: Yes
A4: Form | B4: Tell us your details if you are applying as an individual If an individual have the details been provided? | E4: Y | F4: Y | G4: Y | I4: No
A5: Form | B5: Tell us your details if you're an organisation of individuals (partnerships) If an organisation of individuals has the organisations details been provided? | E5: Y | F5: Y | G5: Y | I5: N/A
A6: Form | B6: Tell us about all of the organisation's partners (Q4-13) If an organisation of individuals has partner 1-10 details been provided? | E6: Y | F6: Y | G6: Y
A7: Form | B7: Tell us about your application as a public body If a Public body; has the name been given? | E7: Y | F7: Y | G7: Y
A8: Form | B8: If a Public body; has the Executive officer’s details been given? | E8: Y | F8: Y | G8: Y
A9: Form | B9: Tell us about your company or corporate body registration If a company or corporate body; has the registered with Companies House question been answered? | D9: Delete: answered yes/no | E9: Y | F9: Y | G9: Y
A10: Form | B10: Tell us about your application as a registered company or other corporate body If answered yes: have the details been provided? | E10: Y | F10: Y | G10: Y
A11: Form | B11: has the date of company registration been given? | E11: Y | F11: Y | G11: Y
A12: Info | B12: Registered companies only. Is it registered and active on Companies House? | D12: Date checked: | E12: Y | F12: Y | G12: Y
A13: Form | B13: Give us evidence you are a legal body we can issue a permit to If answered no; has the legal body details been provided? | E13: Y | F13: Y | G13: Y
A14: Form | B14: has the evidence that you are a legal body been provided? | E14: Y | F14: Y | G14: Y
A15: Form | B15: Tell us who we can talk to about this application has the application contact details been provided? | E15: Y | F15: Y | G15: Y
A16: Form | B16: Give us details of the person we can talk to about your operation has the operation contact details been provided? | E16: Y | F16: Y | G16: Y
A17: Form | B17: Tell us who we can talk to about billing has the billing contact details been provided? | E17: Y | F17: Y | G17: Y
A18: Form | B18: Tell us the number of the permit you want to surrender Has the permit number been given? | E18: Y | F18: Y | G18: Y
A19: Form | B19: Tell us about any pre-application advice we've given you about this application has a pre-application reference been provided? | D19: n/a if no pre-app has been detailed by the applicant | E19: Y | F19: Y | G19: Y
A20: Info | B20: Pre-application record found in DMS? | D20: Check DMS even if applicant has not provided info about pre-application- including CAR forms. n/a if none present, as above. | E20: Y | F20: Y | G20: Y
A21: Form | B21: Are you applying to surrender a site or a mobile plant permit? has the permit type been chosen? | D21: Delete: answered site/mobile plant If Mobile Plant, questions 23 to 33 with be N/A | E21: Y | F21: Y | G21: Y
A22: Form | B22: Tell us about the site Has the site information been provided? | E22: Y | F22: Y | G22: N
A23: Info | B23: Does the site and company address(es) match the current permit? | E23: Y | F23: Y | G23: N
A24: Form | B24: Tell us what level of surrender you are applying for has the surrender type been given? | D24: Delete: answered basic/low risk/normal/non-operational | E24: Y | F24: Y | G24: N
A25: Form | B25: Give us confirmation from your compliance officer has confirmation evidence from site officer been provided? | D25: The area regulatory officer needs to confirm low risk/basic surrender pre-application agreement or other evidence before we can complete duly making. If we don’t have the agreement the application is not duly made and needs to be returned. Within this confirmation have Operations outlined that it is based on a review of the site records (e.g. CAR forms, waste returns, pollution history etc). | E25: Y | F25: Y | G25: N
A26: Form | B26: Tell us if the situation has changed since your site compliance offer gave you confirmation has any changes made been justified? | E26: Y | F26: Y | G26: N
A27: Form | B27: Tell us if you are applying to surrender all or part of the permit Have they told us if they are surrendering all or part of the permit? | D27: Delete: answered all/part | E27: Y | F27: Y | G27: N
A28: Form | B28: Provide maps (or plans) for part surrender If Part surrender has original and new site boundary plans been provided? | E28: N | F28: Y | G28: N
A29: Form | B29: Tell us which parts of the permit you want to cancel (surrender) If Part surrender have they told us what parts of the permit are to be surrendered? | E29: N | F29: Y | G29: N
A30: Form | B30: have additional document been uploaded? | E30: N | F30: Y | G30: N
A31: Form | B31: Tell us if the parts of the permit that are not being surrendered need to be changed If Part surrender; have they told us if conditions need varying? | D31: Delete: answered yes/no | E31: N | F31: Y | G31: N
A32: Form | B32: Give us a site condition report has the surrender site condition record/baseline report been provided? | E32: Y | F32: Y | G32: N
A33: Form | B33: Tell us whether any steps have been taken to avoid any pollution risk or to return the site to a satisfactory state has information on steps taken to avoid pollution/return site to satisfactory state been provided? | E33: Y | F33: Y | G33: N
A34: Form | B34: Tell us if a financial provision arrangement exists for this site has the financial provision question been answered? | D34: Delete: answered yes/no | E34: Y | F34: Y | G34: N
A35: Form | B35: Tell us the date you want to surrender the permit on has the surrender date been given?? | E35: Y | F35: Y | G35: Y
A36: Form | B36: How we collect your personal data have they confirmed they understand how we will use data? | E36: Y | F36: Y | G36: Y
A37: Form | B37: Freedom of Information have they confirmed they understand the Freedom of Information Act information? | E37: Y | F37: Y | G37: Y
A38: Form | B38: Do you want to make a confidentiality claim? Do they want to make a confidentiality claim? | D38: Delete: answered yes/no | E38: Y | F38: Y | G38: Y
A39: Form | B39: Give evidence to support your confidentiality claim If answered yes, has information been provided? | E39: Y | F39: Y | G39: Y
A40: Form | B40: If answered yes, has evidence been provided? | E40: Y | F40: Y | G40: Y
A41: Form | B41: National security Has the national security question been answered? | D41: Delete: answered yes/no | E41: Y | F41: Y | G41: Y
A42: Form | B42: Upload the national security letter you sent to Welsh Ministers if answered yes, has the letter been provided? | E42: Y | F42: Y | G42: Y
A43: Form | B43: If your application includes ecological survey information Have they confirmed that ecological survey information can be used? | E43: Y | F43: Y | G43: Y
A44: Form | B44: Tell us if you are signing on behalf of a relevant person Are they signing on behalf of a relevant person? | D44: Delete: answered yes/no | E44: Y | F44: Y | G44: Y
A45: Form | B45: Upload confirmation from a relevant person If answered yes, has evidence been provided? | E45: Y | F45: Y | G45: Y
A46: Form | B46: Sign the declaration Has the declaration been signed? | E46: Y | F46: Y | G46: Y
A47: Info | B47: Has the declaration been signed by a relevant person? | E47: Y | F47: Y | G47: Y
A48: Info | B48: Is the declaration correct? | D48: Check against relevant people for a company or LLP. | E48: Y | F48: Y | G48: Y
A49: Form | B49: Upload additional declarations Are there additional declarations? | E49: Y | F49: Y | G49: Y
A50: Form | B50: If answered yes, has additional declarations been provided? | E50: Y | F50: Y | G50: Y
A51: Info | B51: Has these declaration(s) been signed by a relevant person?
A52: Info | B52: Are these declaration(s) correct? | D52: Check against relevant people for a company or LLP.
A53: Form | B53: Tell us how you will pay us Has payment method been given? | D53: Delete: answered Bank transfer/phone/cheque | E53: Y | F53: Y | G53: Y
A54: Form | B54: Enter your cheque number Has cheque number been given? | E54: Y | F54: Y | G54: Y
A55: Form | B55: Create a payment reference Has payment reference been given? | E55: Y | F55: Y | G55: Y
A56: Info | B56: Is the payment on MyNRW | E56: Y | F56: Y | G56: Y
A57: Info | B57: Is the fee correct? | E57: Y | F57: Y | G57: Y
A58: Form | B58: Is there anything else you want to tell us? Has any other documents been uploaded? | E58: Y | F58: Y | G58: Y
B59: Percentage of form incomplete | C59: =(100*(COUNTIF(C3:C58,"No"))/((COUNTIF(C3:C58,"Yes"))+(COUNTIF(C3:C58,"No")))) -> #DIV/0! | D59: Where over 25% of responses are no, the form is regarded as incomplete | E59: Y | F59: Y | G59: Y
A61: Additional Checks - confirming the surrender ‘type’
A62: Q | B62: Action | C62: Yes/No/NA | D62: Notes
A63: 1 | B63: Has the operator indicated it is low risk surrender? | D63: Yes: go to Q2 No: go to Q3
A64: 2 | B64: Does the evidence provided meet the definition/ requirements of low risk surrender? | D64: We do not rely on the assessment made by Operations at pre-application stage. You need to ensure that you have assessed this yourself prior to duly making the application. To undertake this assessment you will need to look at the operators Site Condition Report, and any CAR forms on the DMS/EDRM. You will need to refer to the description of Low Risk surrender in section 2.15 of RGN9 and the situations when an intrusive investigation is needed in Box 1 of H5. Note: if an intrusive investigation is needed, it’s not low risk surrender. If the permit is for permanent deposit of waste in or on land, also refer to relevant guidance for that activity, to ensure it is low risk surrender. If in doubt speak with your mentor before duly making the application. Yes: we can accept the surrender is low risk. No further consideration needed. No: this is not low risk surrender. Consider Q3 onwards
A65: 3 | B65: Has the applicant indicated it’s a basic surrender? | D65: Yes: go to Q4 No: go to Q5
A66: 4 | B66: Does the permit type and evidence provided meet the definition/ requirements of basic surrender? | D66: Note: basic surrender is only available for certain permit types and only in certain circumstances. (Refer to sections 2.13 and 2.14 of RGN9 for guidance.) If the permit is for permanent deposit of waste in or on land, also refer to relevant guidance for that activity, to ensure it is basic surrender. Yes: we can accept the surrender is basic. No further consideration needed. No: this is not a basic surrender. Consider Q5 onwards
A67: 5 | B67: Has the applicant indicated it’s a ‘non-operational’ surrender? | D67: Yes: go to Q6 No: go to Q7
A68: 6 | B68: Does the evidence provided meet the definition/ requirements of a ‘non-operational’ surrender? | D68: Note: the evidence should be from/ confirmed by the current site compliance officer. (Refer to section 4.5.3 of the Charging scheme for more information.) Yes: we can accept the surrender is for a ‘non-operational’ site. No further consideration needed. No: the surrender is for a site that’s never operated. Consider Q7 onwards
A69: 7 | B69: Has the operator indicated it’s a ‘normal/ full’ surrender? | D69: Yes: go to Q8 No: go to Q9
A70: 8 | B70: Does the surrender (based on permit type and evidence) need to be treated as a normal/ full surrender? | D70: In other words, is it a surrender which requires an intrusive investigation and full assessment of the legal surrender criteria? (Refer to paragraph 14, Schedule 5 to the EPR Regulations and the legal surrender test.) Yes: we can accept the ‘full’ surrender application. No further consideration needed. No: go to 9
A71: 9 | B71: Consider whether the operator has chosen the wrong surrender type. | D71: What type of surrender do you assess the application to be? (Look again at questions 2, 4, 6 and 8 in this table.) Talk to the operator; identify the correct ‘type’ of surrender, so we can process the application accordingly. The Power Bi Waste return data is a useful tool in helping decide the correct surrender type Note: refer to RGN9 and H5. Consider all relevant evidence of compliance/ incidents in our records. Do our records suggest that an intrusive investigation in needed – in order to assess impact.

Sheet Fee calcs
A1: Type1 | B1: Type2 | C1: Table in charging scheme | D1: Charge code | E1: Fee relevant to your application? (Y/N then filter on Y) | F1: Amount SEE TOTAL AT THE BOTTOM WHEN FILTERED
A2: SRP | B2: New Application | C2: F10b | D2: WAA0001 | F2: 1837
A3: SRP- Mobile Plant | B3: New Application | C3: F10c | D3: WAA0005 | F3: 1284
A4: SRP- Mining Waste (SR2009No8) | B4: New Application | C4: F11b | D4: WAA0016 | F4: 997
A5: SRP | B5: Administrative Variation | C5: F10b | D5: WAA0003, WAA0006 (MP), WAA0018 (MW) | F5: 696
A6: SRP | B6: Minor Technical Variation | C6: F10b | D6: WAA0002, WAA0017 (MW) | F6: 2803
A7: SRP | B7: Transfer | C7: F10b | D7: WAA0004, WAA0007 (MP), WAA0019 (MW) | F7: 1803
A8: SRP- with location assessment- SR2010no12/13 only | B8: New Application | C8: F10d | D8: WAA0008 | F8: 4663
A9: SRP- with location assessment- SR2010no12/13 only | B9: Administrative Variation | C9: F10d | D9: WAA0010 | F9: 696
A10: SRP- with location assessment- SR2010no12/13 only | B10: Minor Technical Variation | C10: F10d | D10: WAA0009 | F10: 2803
A11: SRP- with location assessment- SR2010no12/13 only | B11: Transfer | C11: F10d | D11: WAA0011 | F11: 1803
A12: Tier 2 bespoke- SR2010no7/8/9/10/14 or SR2011no1 only | B12: Normal Variation | C12: F10c | D12: n/a | F12: 2005
A13: Tier 2 bespoke- SR2010no7/8/9/10/14 or SR2011no1 only | B13: Transfer | C13: F10c | D13: n/a | F13: 997
... A54: Component | B54: Bioaerosol risk assessment | C54: G3c | D54: WAA0061 | F54: 3606
A55: Total | F55: =SUBTOTAL(109,F2:F54) -> 1837

Sheet Decision and actions
A1: Decision and actions required | E1: New Bespoke Tier 2 | F1: New SRP | G1: New Bespoke | H1: Vary SRP | I1: Vary Bespoke | J1: Transfer | K1: Surrender
A2: Action | B2: Yes/No/NA | C2: Date | D2: Notes | E2: Y | F2: Y | G2: Y | H2: Y | I2: Y | J2: Y | K2: Y
A3: Are all relevant documents present and do they appear to cover the right information? | B3: No | C3: 13.11.23 | D3: declaration is incorrect | E3: Y | F3: Y | G3: Y | H3: Y | I3: Y | J3: Y | K3: Y | M3: Yes
A4: Is the fee correct? | B4: Yes | C4: 13.11.23 | E4: Y | F4: Y | G4: Y | H4: Y | I4: Y | J4: Y | K4: Y | M4: No
A5: Not duly made email sent for additional information/fee? | B5: Yes | C5: 13.11.23 | E5: Y | F5: Y | G5: Y | H5: Y | I5: Y | J5: Y | K5: Y | M5: N/A
A6: Has the requested information been received by the deadline date? | B6: Yes | C6: 14.11.23 | E6: Y | F6: Y | G6: Y | H6: Y | I6: Y | J6: Y | K6: Y
A7: Application returned? | B7: N/A | E7: Y | F7: Y | G7: Y | H7: Y | I7: Y | J7: Y | K7: Y
A8: Application withdrawn? | B8: N/A | E8: Y | F8: Y | G8: Y | H8: Y | I8: Y | J8: Y | K8: Y
A9: Application duly made? | B9: Yes | C9: 14.11.23 | E9: Y | F9: Y | G9: Y | H9: Y | I9: Y | J9: Y | K9: Y
A10: Status on PALS updated? | B10: Yes | C10: 15.11.23 | E10: Y | F10: Y | G10: Y | H10: Y | I10: Y | J10: Y | K10: Y
A11: Duly made email sent? | B11: Yes | C11: 15.11.23 | E11: Y | F11: Y | G11: Y | H11: Y | I11: Y | J11: Y | K11: Y
A12: Publicise on web? | B12: N/A | E12: Y | F12: Y | G12: Y | H12: Y | I12: Y | J12: N | K12: N
A13: Advertise in newspaper? | B13: N/A | E13: Y | F13: Y | G13: Y | H13: Y | I13: Y | J13: N | K13: N
A14: Publicise in Social Media ( email the link for the web advert to Comms team) | D14: Mining waste only | E14: N | F14: N | G14: Y | H14: N | I14: Y | J14: N | K14: N
A15: Consultation with Consultees (i.e. LPA, PHW, EH, HSE, PCT) | E15: Y | F15: N | G15: Y | H15: N | I15: Y | J15: N | K15: N
A16: Landowner notification letter sent | B16: N/A | E16: Y | F16: Y | G16: Y | H16: N | I16: N | J16: N | K16: N
A17: DM checklist saved to the DMS | B17: Yes | C17: 15.11.23 | E17: Y | F17: Y | G17: Y | H17: Y | I17: Y | J17: Y | K17: Y
A18: Landfill Disposal Tax team informed | B18: N/A | E18: Y | F18: Y | G18: Y | H18: Y | I18: Y | J18: Y | K18: Y
E19: Y | F19: Y | G19: Y | J19: Y | K19: Y
A20: ‘Duly Made’ officers notes: Use this box to record conversations with the applicant/ operator, detailed reasons why the application can/cannot be duly made and any subsequent correspondence or actions. | E20: Y | F20: Y | G20: Y | H20: Y | I20: Y | J20: Y | K20: Y
A21: A request for information, not duly made email was sent 13/11/23. the declaration was not signed by an approved person and the post code led to a different location to the site coordinates. A response was received on the 14/11/23 from the applicant confirming a correct postcode and giving authority to the signatory of the decalration to sign on behalf of the company. | E21: Y | F21: Y | G21: Y | H21: Y | I21: Y | J21: Y | K21: Y
E22: Y | F22: Y | G22: Y | H22: Y | I22: Y | J22: Y | K22: Y
E23: Y | F23: Y | G23: Y | H23: Y | I23: Y | J23: Y | K23: Y
E24: Y | F24: Y | G24: Y | H24: Y | I24: Y | J24: Y | K24: Y
A26: Percentage of forms/documents incomplete
A27: Where over 25% of responses are no, the application is regarded as incomplete
A28: Doc and info check | B28: ='Doc''s & info'!B30 -> 0
A29: New SRP | B29: ='New SRP'!C59 -> 8.3333333
A30: New Bespoke Tier 2 | B30: N/A
A31: New Bespoke | B31: ='New Besp'!C141 -> #DIV/0!
A32: Vary SRP (all types) | B32: ='Var SRP'!C77 -> #DIV/0!
A33: Vary Bespoke (all types) | B33: ='Var Besp'!C146 -> #DIV/0!
A34: Transfer | B34: =Transfer!C65 -> #DIV/0!
A35: Surrender | B35: =Surrender!C59 -> #DIV/0!
A36: EMS | B36: =EMS!C49 -> #DIV/0!
A37: TCM | B37: ='TCM '!C21 -> 0
A38: Risk Assessments | B38: ='Risk Assessment'!C55 -> #DIV/0!
A39: FPMP | B39: ='FPMP '!C68 -> #DIV/0!
A40: Noise | B40: =Noise!C43 -> #DIV/0!
A41: Odour | B41: =Odour!C37 -> #DIV/0!
A42: Dust | B42: ='Dust '!C33 -> #DIV/0!
A43: Pests | B43: =Pests!C36 -> #DIV/0!
A44: DfR | B44: ='DfR '!C62 -> #DIV/0!

Sheet EMS
A1: Environment Management System
A3: This applies to all new bespoke permits and variations. If the permit is a normal variation, only the relevant parts of the EMS should be updated by the operator and assessed.
A5: Document reference
A6: Time taken
A8: Guidance | B8: https://cdn.cyfoethnaturiol.cymru/media/2110/how-to-comply-with-your-environmental-permit.pdf?mode=pad&rnd=131467604540000000
A10: Section | B10: Part | C10: Yes/No/NA | D10: Comments
A11: Site plans | B11: Does it show the main features of the site and drawn to scale? | D11: It should also meet the guidance as set out in the application form and form guidance. | G11: Yes
B12: Including where relevant; activities, drainage, sensitive receptors | D12: As above | G12: No
A13: Operations | B13: Does it contain information on how to avoid or minimise environmental risk an impact of the normal running operations | D13: Should also be included in the site-specific risk assessment and supporting documents This information should be consistent across all application documents; if there is any confusion the application should not be duly made. | G13: N/A
B14: Does it contain information on waste acceptance, quantities, treatment and storage procedures | D14: As above
B15: Does it contain information on storage of materials on site - storage times and procedures to ensure that these times are not exceeded - maximum storage capacities for specified storage areas and the facility as a whole and procedures to ensure that these capacities are not exceeded - maximum storage heights to prevent or minimise the emission of dust, litter and throughput management | D15: As above
B16: Does it contain information on a procedure to identify the specific waste types stored at your facility | D16: As above
B17: Does it contain information on procedures to segregate incompatible wastes for example use of appropriate separation distances and or suitable engineering measures. | D17: As above
B18: Does it contain information on drainage infrastructure | D18: As above
B19: Does it contain information on transportation and distribution | D19: As above
B20: Does it contain information on how any potential pollution from the above activities could impact on air, water, land and neighbours | D20: As above
B21: Does it contain information on procedures to enable you to apply the waste hierarchy of re-use, recover, recycle, dispose | D21: As above
B22: Does it contain information on Duty of Care | D22: As above
A23: Maintenance | B23: Does it contain information on the sites programme of Planned Preventative Maintenance (PPM)
A24: Accidents and incidents (Defined as an accident, incident or event that may result in pollution) | B24: Does it contain information on potential accidents and put in place measures to minimise them happening | D24: Should also be included in the site-specific risk assessment and supporting documents. OPRA check will also given indication of risks that need to be assessed.
B25: Does it contain information on events or equipment failures that could damage the environment, for example fires, vandalism, flooding or other extreme weather events such as drought, heat waves, strong winds, snow or extreme cold | D25: As above
B26: Does it contain information on how likely these events or failures are to happen | D26: As above
B27: Does it contain information on the consequences if they do happen | D27: As above
B28: Does it contain information on the steps needed to minimise them happening | D28: As above
B29: Does it contain information on the steps needed to minimise any impact if they do happen | D29: As above
B30: Does it contain information on how they will record and investigate complaints, pollution incidents or breaches of your permit and the actions taken. | D30: As above
B31: Does it contain a site plan which identifies location of any emergency kits or equipment for fire, spill kits and drain caps | D31: As above
A32: Site security | B32: Does it include information on site security? This will be dependant on the environmental risk posed by activity | D32: Should also be included in the site-specific risk assessment and supporting documents
A33: Non-compliance | B33: Does it include information on how non-compliance will be dealt with including recording, investigating and resolution
A34: Closure | B34: Does it include information on the plans in place that could make closing the site far easier and cheaper and evidence of the condition of the site via an SCR (only needs to be provided for a new bespoke or variation to increase permit area)
A35: Complaints | B35: Does it include information on how complaints will be dealt with including recording, investigating and resolution | D35: Should also be included in supporting management plans such as odour, noise & vibration and pests etc.
A36: Sufficient competent persons, resources and training | B36: Does it include information on training of staff and technical competence. Also see TCM tab
A37: Emissions and monitoring | B37: Does it include information on emissions to surface and groundwater | D37: Should also be included in the site-specific risk assessment and relevant supporting documents based on our assessment: risk low- in EMS/RA risk high- separate management plan and see relevant tab
B38: Does it include information on dust | D38: As above
B39: Does it include information on mud | D39: As above
B40: Does it include information on litter | D40: As above
B41: Does it include information on fine particulates and fumes | D41: As above
B42: Does it include information on VOCs | D42: As above
B43: Does it include information on odour | D43: As above
B44: Does it include information on noise and vibration | D44: As above
B45: Does it include information on pests | D45: As above
B46: Does it include information on bioaerosols | D46: As above
A47: Records | B47: Does it include information on how records will be maintained and kept up to date
A48: Access to your permit | B48: Does it include information on how any interested parties will view the permit, EMS or any other relevant management systems
B49: Percentage of required information missing | C49: =(100*(COUNTIF(C11:C48,"No"))/((COUNTIF(C11:C48,"Yes"))+(COUNTIF(C11:C48,"No")))) -> #DIV/0! | D49: Where over 25% of responses are no, the document is regarded as incomplete

Sheet TCM 
A1: Technically Competent Manager Qualifications
A3: Document reference | B3: audit agreement_hydroaluminiumdeesideltdsigned
A4: Time taken | B4: 480
A6: Guidance | B6: n/a
A8: Section | B8: Part | C8: Yes/No/NA | D8: Comments | F8: Yes
A9: General Overview | B9: Has a named TCM been provided? | C9: N/A | D9: using EU certifcated assessment of management system | F9: No
B10: Are they/will they be covered by a relevant technical scheme: CIWM/WAMITAB or ESA/EU? | C10: Yes | F10: N/A
A11: If WAMITAB certificates have been provided: | B11: Has primary competence been provided? | C11: N/A
B12: Has continuing competence been provided? | C12: N/A
B13: If certificates have not been provided, has proof of application for the correct course been provided? | C13: N/A
B14: If a grace period is applicable, has this been requested? | C14: N/A
B15: Is the certificate/course applied for suitable for the application applied for? | C15: N/A
A16: If ESA/EU certificates have been provided: | B16: Do they have a competent management system in place? | C16: Yes
B17: If not, are they relying on the 12 month grace period? | C17: Yes
B18: If relying on the grace period, have they confirmed that they will obtain necessary certification within 12 months of permit issue? | C18: Yes
B19: Has the management scheme been certified by one of the EU Skills scheme's approval bodies? | C19: Yes
A20: On site | B20: Do we consider this person to be in control of day to day activities on the site? | C20: Yes
B21: Percentage of required information missing | C21: =(100*(COUNTIF(C9:C20,"No"))/((COUNTIF(C9:C20,"Yes"))+(COUNTIF(C9:C20,"No")))) -> 0 | D21: Where over 25% of responses are no, the document is regarded as incomplete

Sheet Risk Assessment
A1: Risk Assessments
A3: Document reference
A4: Time taken
A6: Guidance | B6: https://www.gov.uk/guidance/risk-assessments-for-your-environmental-permit
A8: Section | B8: Part | C8: Yes/No/NA | D8: Comments | F8: Yes
A9: General sections | B9: As per "How to Comply", are there general sections on the following: | F9: No
B10: a. Site operations | F10: N/A
B11: b. Maintenance
B12: c. Accidents
B13: d. Training and records
A14: Contents | B14: Does the risk assessment contain information on the following:
B15: a. Pollution/hazard source
B16: b. Receptor that can be affected
B17: c. sources
B18: d. Pathway
B19: e. Harm that could be caused
B20: f. Solutions
B21: g. Actions
B22: Overall, can the site operate without a significant risk to the environment?
A23: Areas of Risk | B23: Have the risks of the following been addressed, and if required, have management plans been provided:
B24: a. Any discharges to surface or groundwater
B25: b. Accidents e.g. flooding, fire, electric shock etc
B26: c. Odour
B27: d. Noise
B28: e. Vibration
B29: f. Dust
B30: g. Pests
B31: h. Litter
B32: i. Fire
B33: j. Flooding and flood plains, as per OPRA
B34: k. Bioaerosols
A35: Protected sites | B35: If present, have the following been included within the risk assessment:
B36: a. national parks
B37: b. areas of outstanding natural beauty (AONBs)
B38: c. sites of special scientific interest (SSSIs)
B39: d. special areas of conservation (SACs)
B40: e. special protection areas (SPAs)
B41: f. Ramsar sites (wetlands)
B42: g. marine conservation zones
B43: h. ancient woodlands
B44: i. local sites
B45: j. flooding
B46: k. protected habitats/species and section 6/7 species
B47: l. historic items (ancient monuments, historic sites etc.)
... B50: o. surface water courses (sinks/issues/springs/wells etc.)
A51: General notes | B51: Have risks been identified in terms of low, medium or high risk?
B52: Have mitigation measures been included?
B53: Has the assessment covered both normal and abnormal operating conditions?
B54: Does the risk assessment meet what NRW find in their initial screening?
B55: Percentage of required information missing | C55: =(100*(COUNTIF(C9:C54,"No"))/((COUNTIF(C9:C54,"Yes"))+(COUNTIF(C9:C54,"No")))) -> #DIV/0! | D55: Where over 25% of responses are no, the document is regarded as incomplete

Sheet FPMP 
A1: Fire Prevention and Mitigation Plan (FPMP)
A3: Document reference | F3: Yes
A4: Time taken | F4: No
F5: N/A
A6: Guidance | B6: NRW FPMP Guidance No. 16 Fire prevention and mitigation plan - waste management
B7: If this colour; Guidance states that this information MUST be provided
A9: Section | B9: Part | C9: Yes/No/NA | D9: Comments
A10: 5. Fire Prevention and Mitigation Plan contents | B10: Is the FPMP produced in accordance with NRW guidance? | D10: If not produced in line with NRW guidance needs to be not duly made.
B11: Does the FPMP contain the following:
B12: The amount and type of waste received daily and how it is managed.
B13: Total amount of waste and types and forms (e.g. unprocessed, shredded etc) stored on site at any one time and how it will be stored | D13: If information is not included, application needs to be not duly made.
B14: Maximum time each type of waste will be stored on site | D14: If information is not included, application needs to be not duly made.
B15: Maximum size of any waste stockpile - including length, width and depth
B16: Minimum separation distances used | D16: If information is not included, application needs to be not duly made.
B17: Clear area around the perimeter
B18: Fire prevention techniques used, including management of hotspots, self combustion, monitoring, reporting
B19: Techniques used to minimise fire spreading
B20: All combustion products and emissions (to air, land and water) including impact on the local community, critical infrastructure and environment). | D20: Does the FPMP consider the location of the site in relation to these receptors, i.e. if site is next to motorway has it considered impact to this?
B21: Contact details of sensitive receptors within 1km of the site, including human receptors (i.e. hospitals, residential areas, schools)
B22: Environmental receptors within 1km of the site (i.e. source protection, surface water)
B23: Does the site plan showing the following: | D23: If site plan not included in FPMP, application needs to be not duly made.
B24: where each type of waste is stored
B25: layout of buildings
B26: areas where hazardous materials are stored (e.g. gas cylinders, oil and fuel tanks)
B27: main access route and any alternative access points
B28: location of hydrants and water supplies
B29: areas of natural and unmade ground
B30: location of plant, pollution control equipment
B31: drainage system, foul and surface water drains, their direction and outfall.
B32: location of drain covers and pollution control measures - e.g. firewater containment system
B33: location of sensitive receptors within 1km of the site including human receptors and environmental receptors. | D33: If site plan does not include the sensitive receptors identified in accordance with the Environmental Risk Assessment and the My Map screening report, the application needs to be not duly made.
B34: designated quarantine area
A35: 6. Common causes of fires and preventative measures | B35: Does the FPMP include a list, as per the guidance? | D35: If list is not included application or is not site specific the application needs to be not duly made.
A36: 7. Storage times and self combustion factors | B36: Is the waste at risk of self combustion? | D36: If the answer is "no", mark as "N/A" See list in section 7. If the answer is no, ignore the rest of the questions under section 7, storage times and move to next section.
B37: If the waste is at risk of self combustion, and they are proposing to store for more than 3 months - are additional measures included? | D37: If additional measures are not included in FPMP, application needs to be not duly made.
A38: 8. Managing waste material stacks | B38: Does the FPMP include how ELVs will be stored?
A39: 10. Baled waste storage | B39: Does the FPMP include how they are reducing the risk of fire occurring within the bales? | D39: If waste is baled and the FPMP does not include this it is likely that it needs to be not duly made, but discuss with mentor.
A40: 11. Enclosing stacks using bales and walls | B40: Do the bays or walls between the stacks provide fire resistance for 120 mins?
B41: Has evidence of the product specification been included?
A42: 12. Waste stored within a building | B42: Have they included general principals on fire prevention and mitigation?
A43: 13. Waste stored in containers | B43: Does the FPMP include how containers will be moved?
A44: 15. Seasonality and waste stack management | B44: Does the FPMP include information on waste stack management, i.e. the contracts in place to ensure that they have end user outlets.
A45: 16. Monitoring and turning of stacks | B45: Does the FPMP include monitoring that will be carried out?
B46: Does the FPMP explain what indicators will be used in relation to temperature and moisture content and what action will be taken in relation to these?
A47: 17. Fire detection | B47: Does the FPMP include how they will detect fire in early stages?
A48: 18. Fire suppression systems | B48: If a fire suppression system is proposed, does the FPMP include what type of system it is?
A49: 19. Firefighting strategy | B49: Does the FPMP include heavy mobile plant available to move waste?
B50: Does the FPMP include the suitability of the heavy plant?
B51: Are trained staff available to move waste?
A52: 20. Water supplies | B52: Has amount of water required for largest stack been calculated? | D52: If FPMP does not include this it is likely that it needs to be not duly made, but discuss with mentor.
B53: Does the FPMP include where the water supply will come from? | D53: If info not included or FPMP relies on FRS to bring water it is likely that it needs to be not duly made, but discuss with mentor.
B54: Have they included information to demonstrate the hydrant is suitable? | D54: If FPMP does not include this it is likely that it needs to be not duly made, but discuss with mentor.
B55: If using alternative sources (i.e. river) has information been included to support that this is a reliable source? | D55: If FPMP does not include this it is likely that it needs to be not duly made, but discuss with mentor.
A56: 21. Managing water run-off | B56: Does the FPMP include measures to contain fire water run-off? | D56: If FPMP does not include this it is likely that it needs to be not duly made, but discuss with mentor.
B57: Does the FPMP include calculations to demonstrate how much water can be contained? | D57: If FPMP does not include this it is likely that it needs to be not duly made, but discuss with mentor.
B58: If firewater is being discharged to sewer, has evidence of approval from the sewage company been included? | D58: If FPMP does not include this it is likely that it needs to be not duly made, but discuss with mentor.
B59: Have measures to prevent firewater reaching groundwater and surface water been included? | D59: If FPMP does not include this it is likely that it needs to be not duly made, but discuss with mentor.
A60: 22. Designated quarantine area | B60: Does the FPMP include a quarantine area? | D60: If FPMP does not include this it is likely that it needs to be not duly made, but discuss with mentor.
B61: Does it include separation distances?
B62: Does it state how much waste it can contain?
B63: Is the quarantine area within the permitted boundary?
A64: 23. During and after an incident | B64: Does the FPMP include contingency measures during and after a fire? i.e. diverting waste, notifying those who may be affected
B65: Does the FPMP include a plan to notify those who may be affected by the fire?
B66: Does the FPMP include how the site will be cleared and decontaminated?
A67: 24. Reviewing and monitoring your FPMP | B67: Does the FPMP include when it will be reviewed?
B68: Percentage of required information missing | C68: =(100*(COUNTIF(C10:C67,"No"))/((COUNTIF(C10:C67,"Yes"))+(COUNTIF(C10:C67,"No")))) -> #DIV/0! | D68: Where over 25% of responses are no, the document is regarded as incomplete

Sheet Noise
A1: Noise Impact Assessment and Management Plan
A3: Document reference
A4: Time taken
A6: Guidance | B6: Noise impact assessments involving calculations or modelling
A8: Section | B8: Part | C8: Yes/No/NA | D8: Comments | F8: Yes
A9: NIA | B9: Has the NIA report been produced in line with BS4142? | D9: If not produced in line with BS4142 likely needs to be not duly made and returned, but discuss with noise lead. | F9: No
A10: Does the NIA include information on the following (as required by Clause 12 of BS4142) | B10: Statement of competency for all persons contributing to the assessment | F10: N/A
B11: Description of source(s) being assessed, including: - the main sound sources and specific sound - operational times, including operational times of plant - description of site layout and location of main sound sources
B12: Subjective impressions of the specific sound and main sound sources contributing to residual sound
B13: Identification of nearest sensitive receptors and description of the existing context, including an assessment of the sensitivity of the receptor, e.g. school, dwelling, office.
B14: Plan showing measurement locations and description including distance from sound source, intervening ground. A justification for the choice of measurement locations should also be included.
B15: Equipment used, including calibrator or pistonphone: - type and/or model; - manufacturer; - serial number; and - details of the latest verification test including dates.
B16: Field calibration test, including meter reading(s) before and after measurements with calibrator
B17: Weather conditions, including wind speed(s) and direction(s), precipitation, temperature, etc | D17: If no weather data is provided, and / or if no data is provided on wind speed or wind direction - not duly made
B18: Date(s) and time(s) of measurements.
B19: Sound levels and method of determination for: - residual - ambient - specific | D19: If ambient and residual sound could not be measured (e.g. non-operational site), the specific may have been modelled / calculated. Where residual and ambient have been measured the difference must be greater than 3dB. If not a combination of measurements and calculation / modelling may be used. Justification for the method used should be included.
B20: Background sound level(s) (LA90) and measurement time interval(s) and, in the case of measurements taken at an equivalent location, the reasons for presuming it to be equivalent.
B21: Rating level(s) - specific sound level plus any acoustic features of the specific sound
B22: Initial impact assessment - excess of the rating level(s) over the measured background sound level(s)
B23: Conclusions of the assessment after taking context into account.
B24: The potential impact of uncertainty
A25: Significant adverse impact | B25: Where the NIA concludes significant adverse impact (taking account of context), have mitigation / controls been included to prevent or minimise impact? Have these been quantified in decibels?
A26: Variation only | B26: Does the NIA consider all the noise resulting from the proposed variation – the existing site and the variation together? Both components should be shown and then added together to give a new total for site noise at the receptors. | D26: If noise from the existing site (before changes) has been considered as part of the background or the residual sound levels, the application should be not duly made.
A27: Raw data | B27: Has the following raw data been provided?
B28: If sound levels have been measured, has the measurement data been provided?
B29: If sound levels have been calculated, have the calculations been provided?
B30: If sound levels have been modelled, have the modelling files been provided? And are they in a format we can use? i.e. SoundPlan, CadnA, or .qsi file format.
B31: Where modelled, has all relevant numerical data been provided as required guidance on noise impact assessments involving calculations or modelling? | D31: See guidance linked above
A32: Noise Management Plan | B32: Does the NMP information on the following:
B33: Commitment to regular review the effectiveness on the NMP
B34: Commitment to ensure noise control equipment is designed, operated and maintained appropriately
B35: Identified sources of noise in normal and abnormal situations
B36: Identified anticipated incidents that may influence noise risk, e.g., weather, breakdowns etc
B37: Appropriate controls (measures) to manage identified risks
B38: Monitoring
B39: Details of actions, contingencies and responsibilities if problems arise
B40: Procedures in place to avoid serious noise pollution e.g. reducing / ceasing operations
B41: Engaging with neighbours
B42: Responding to complaints
B43: Percentage of required information missing | C43: =(100*(COUNTIF(C9:C42,"No"))/((COUNTIF(C9:C42,"Yes"))+(COUNTIF(C9:C42,"No")))) -> #DIV/0! | D43: Where over 25% of responses are no, the document is regarded as incomplete

Sheet Odour
A1: Odour Management Plan
A3: This checklist is suitable for most waste operations but if your dealing with an application for: - clinical waste you may wish to also consider 'How to comply with your environmental permit additional guidance for clinical waste'. - biowaste treatment you may wish to also consider the following industry guidance document produced by The Composting Association 'an industry guide for the prevention and control of odour at biowaste processing facilities'.
A5: Document reference
A6: Time taken
A8: Guidance | B8: How to comply with your environmental permit additional guidance for clinical waste
B9: An industry guide for the prevention and control of odour at biowaste processing facilities
A11: Section | B11: Part | C11: Yes/No/NA | D11: Comments | F11: Yes
A12: Odour Modelling | B12: Does the application include Odour Modelling? | D12: It is expected that the answer to this is 'no' but if modelling has been provided then you should seek advice from senior permitting colleagues and AQMARAT prior to duly making. This would be to ensure we have everything we require prior to duly making. TEMPORARY MEASURE - the work Tech Leads is doing on duly making modelling standard should be able to be fed into this going forward. If the answer is no then mark as "n/a" and complete the rest of this checklist. Seek advice from your mentor if required. | F12: No
A13: Site Overview | B13: Does the OMP provide an overview of site operations? | D13: Do the operating hours match those of the other application documents. If is not site specific and should not be duly made. | F13: N/A
B14: Does the OMP include key details: a) operating hours
B15: b) activities undertaken on site
B16: c) waste codes
B17: d) daily / annual throughput limit
B18: e) storage quantities (max) for odorous wastes
A19: Site Setting & Site Plan | B19: a) Does the OMP provide an description of the site location and does this identify key receptors and designations. | D19: Does the site setting match our own screening (e.g. does it mention all receptors, protected sites, an if not it is not site specific and should NOT be duly made.
B20: b) Does the OMP contain a site layout plan/s that demonstrates the following: i) North arrow | D20: If not it is not the site plan does not provide suitable information and therefore should NOT be duly made.
B21: ii) Wind rose (can be provided separately) | D21: As above
B22: iii) Scale | D22: As above
B23: iv) Site Surfacing | D23: As above
B24: v) All waste storage areas | D24: As above
B25: vi) Layout of internal waste storage areas | D25: As above
B26: vii) Monitoring points | D26: As above
A27: Odour Emissions: Sources, Impacts, and Control and Mitigation Measures | B27: a) Does the OMP appear to consider all odorous wastes (source materials) and odour generating activities (releases) included in the application. | D27: If not then the OMP is incomplete as it does not consider all odourous activities or waste and we do not have all the information required to start our assessment. Therefore should NOT be duly made. For Biowaste Treatment consider Section 10.2 (Table 6) to see if all relevant sources have been considered/mentioned.
B28: b) Does the OMP appear to outline all the potential impacts of odour emissions and does this correlate with the sensitive receptors highlighted and outlined in OMP regarding the site setting? | D28: If not then the OMP is incomplete as it does not consider all odourous activities or waste and we do not have all the information required to start our assessment. Therefore should NOT be duly made.
B29: c) Does the OMP appear to outline a number or controls or mitigation measures? | D29: For a lot of sites this could include but is not limited to: waste acceptance processes, isolation of wastes, removal of wastes and of turnaround or storage time for odorous wastes. This should include an outline of how they would they have considered / preplanned for possible odour incidents For Biowaste Treatment consider Section 5, Section 6, Section 8, Section 10.2 (Table 6) to see if a breadth of measures are mentioned some of these sections focus on management of the composting process to prevent odours, section 8 looks at more odour treatments like biofilters and scrubbers, finally section 10.2 is a troubleshooting section which is pretty good for our odour management plans as its set up in a manner which identifies odour source, corrective actions and then what the preventative actions are going forward. If not then it is not complete (i.e., obvious omissions) it should not be duly made.
A30: Monitoring of Odour Emissions | B30: Does the OMP outline how odour emissions are detected during day to day operation? Do the monitoring methods appear to cover all potential sources of odour? | D30: If not then it is not complete and should not be duly made
A31: Complaints Procedure | B31: a) Does the OMP outline a suitable complaints procedure? | D31: If not then it is not complete and should not be duly made
B32: b) Does the OMP outline what will occur in the event of a or multiple complaint/s being received in a short time. This should trigger a review of the current odour controls and whether anything else needs to be implemented. | D32: If not then it is not complete and should not be duly made
A33: Training, Record Keeping and Review of the OMP | B33: a) Does the OMP outline how staff will be trained on the OMP? | D33: If not then it is not complete and should not be duly made
B34: b) Does the OMP outline how appropriate records will be kept (for example of monitoring, complaints)? | D34: If not then it is not complete and should not be duly made
B35: c) Does the OMP outline how the records of the monitoring and complaints will be reviewed with the aim of improving operations on site? | D35: If not then it is not complete and should not be duly made
B36: d) Does the OMP outline how regularly and when the entire OMP will be reviewed? | D36: If not then it is not complete and should not be duly made
B37: Percentage of required information missing | C37: =(100*(COUNTIF(C12:C36,"No"))/((COUNTIF(C12:C36,"Yes"))+(COUNTIF(C12:C36,"No")))) -> #DIV/0! | D37: Where over 25% of responses are no, the document is regarded as incomplete

Sheet Dust 
A1: Dust Emissions Management Plan
A3: Document reference
A4: Time taken
A6: Guidance | B6: n/a
A8: Section | B8: Part | C8: Yes/No/NA | D8: Comments | G8: Yes
A9: Site Overview | B9: Does the DEMP provide an overview of site operations? | D9: Do the operating hours match those of the other application documents. It is not site specific and should not be duly made. | G9: No
B10: Does the DEMP include key details: a) operating hours | G10: N/A
B11: b) activities undertaken on site
B12: c) waste codes
B13: d) daily / annual throughput limit
A14: Site Setting and Site Plan | B14: a) Does the DEMP provide an description of the site location and does this identify key receptors and designations? | D14: Does the site setting match our own screening (e.g. does it mention all receptors, protected sites, and AQMAs for PM10) if not it is not site specific and should not be duly made. You should consider: - in or within 2km of AQMA - 500m of sensitive receptor home, school, hospital etc - other dust sources (local)
B15: b) Does the DEMP contain a site layout plan/s that demonstrates the following: North arrow | D15: If not it is not the site plan does not provide suitable information and therefore should not be duly made.
B16: Wind rose (can be provided separately)
B17: Scale
B18: Site Surfacing
B19: All waste storage areas
B20: Layout of internal waste storage areas
B21: Visual monitoring points
A22: Dust Emissions: Sources, Impacts, and Control and Mitigation Measures | B22: a) Does the DEMP appear to consider all waste types and waste treatment activities that could result in dust emissions from site. | D22: If not then the DEMP is incomplete as it does not consider all dusty activities or waste and we do not have all the information required to start our assessment. Therefore should not be duly made.
B23: b) Does the DEMP appear to outline all the potential impacts of DEMP emissions and does this correlate with the sensitive receptors highlighted and outlined in DEMP regarding the site setting?
B24: c) Does the DEMP list a range of dust control measure and mitigation measures? | D24: Are mitigation / control measures outlined for all sources of dust identified in the DEMP and Risk Assessment. If not the DEMP is not Site Specific and should not be duly made.
A25: Monitoring Dust Emissions and Weather Conditions | B25: a) visual monitoring and how dust emissions are detected | D25: We would expect all sites to have some kind of formal visual monitoring inspection and designated points should be outlined in the DEMP that considers the site boundary and the duty activities. If not this should not be duly made.
B26: b) How they will monitor the weather conditions | D26: Weather conditions are fundamental in regards to the generation and transportation of dust emissions from sites. Operators must have considered how they will consider the weather conditions in DEMP. This is not an assessment of validity of the method but they must have suggested a source (e.g. visual inspection, wind sock, weather reports etc) if not then the DEMP is not duly made.
A27: Complaints Procedure | B27: a) Does the DEMP outline a suitable complaints procedure? | D27: If not then it is not complete and should not be duly made
B28: b) Does the DEMP outline what will occur in the event of a or multiple complaint/s being received in a short time. This should trigger a review of the current odour controls and whether anything else needs to be implemented. | D28: If not then it is not complete and should not be duly made
A29: Training, Record Keeping and Review of the OMP | B29: a) Does the DEMP outline how staff will be trained on the DEMP ? | D29: If not then it is not complete and should not be duly made
B30: b) Does the DEMP outline how appropriate records will be kept (for example of monitoring, complaints)? | D30: If not then it is not complete and should not be duly made
B31: c) Does the DEMP outline how the records of the monitoring and complaints will be reviewed with the aim of improving operations on site? | D31: If not then it is not complete and should not be duly made
B32: d) Does the DEMP outline how regularly and when the entire DEMP will be reviewed? | D32: If not then it is not complete and should not be duly made
B33: Percentage of required information missing | C33: =(100*(COUNTIF(C9:C32,"No"))/((COUNTIF(C9:C32,"Yes"))+(COUNTIF(C9:C32,"No")))) -> #DIV/0! | D33: Where over 25% of responses are no, the document is regarded as incomplete

Sheet Pests
A1: Pests Management Plan
A3: Document reference
A4: Time taken
A6: Guidance | B6: How to comply with your environmental permit
B7: Control and monitor emissions for your environmental permit - GOV.UK (www.gov.uk)
B8: Fly management: how to comply with your environmental permit Version 1- April 2013
A10: Section | B10: Part | C10: Yes/No/NA | D10: Comments | G10: Yes
A11: Site Overview | B11: Does the PMP provide an overview of site operations? | G11: No
B12: Does the PMP include key details: a) operating hours | D12: Do the operating hours match those of the other application documents. If is not site specific and should not be duly made. | G12: N/A
B13: b) activities undertaken on site
B14: c) waste codes
B15: d) daily / annual throughput limit
A16: Site Setting | B16: Does the PMP provide an description of the site location and does this identify key receptors and designations that would be relevant to pests such as human receptors. | D16: Does the site setting match our own screening if not it is not site specific and should NOT be duly made.
A17: Site Plan | B17: Is there a site plan present in the PMP? | D17: If not it is not the site plan does not provide suitable information and therefore should NOT be duly made.
B18: Does it contain the following: 1) North arrow | D18: As above
B19: 2) Scale | D19: As above
B20: 3) All waste storage areas | D20: As above
B21: 4) Layout of internal waste storage areas | D21: As above
B22: 5) Monitoring points | D22: As above
A23: Sources of pests | B23: Does the PMP appear to consider all wastes and activities included in the application that could cause/attract pests? | D23: If not then the PMP is incomplete as it does not consider all activities or waste and we do not have all the information required to start our assessment. Therefore should NOT be duly made.
A24: Wider contents: Does the PMP include sections that discuss the following: | B24: a) monitoring and how pests are detected | D24: We would expect all sites to have some kind of formal visual monitoring inspection and designated points should be outlined in the PMP that considers the site boundary and the activities. If not this should NOT be duly made.
B25: b) pest control or mitigation measures Does the PMP contain any appropriate measures? How to comply gives possible appropriate measures to reduce pest problems as: - regular inspections by nominated personnel - isolation and securing/removal of wastes that are attracting scavengers or flies - employing professional pest controllers, either directly or by contract - effective scaring or other deterrent methods - netting | D25: Are mitigation / control measures outlined for all sources identified in the PMP and Risk Assessment. If not the PMP is not Site Specific and should not be duly made.
B26: c) how they will handle complaints and the how they will respond | D26: If not then the PMP is not duly made.
B27: d) how the PMP will be reviewed following an incident or high number of complaints | D27: If not then it is not complete and should not be duly made
B28: e) how staff will be trained on contents of plan? | D28: If not then it is not complete and should not be duly made
A29: Flies | B29: Has Table 4. On site and Pest Management Plan (PMP) assessment – Template check list for Waste Sites been completed/referenced?
B30: 1. Ensure that staff are trained in key areas, for example the significance of flies, using control techniques and waste rejection procedures.
B31: 2. Monitor fly numbers and the extent of breeding sites.
B32: 3. Select and implement the most appropriate long-term fly prevention methods, such as drying or removing manure, confining or covering waste materials, and using predators.
B33: 4. Select appropriate insecticidal fly control techniques, bearing in mind the need to minimise the impact of resistance, and the impact on beneficial organisms.
B34: 5. Decide the trigger level in fly populations for pesticide treatments, based on the timing of fly complaints from neighbours.
B35: 6. Regularly review effectiveness of the fly control methods.
B36: Percentage of required information missing | C36: =(100*(COUNTIF(C11:C35,"No"))/((COUNTIF(C11:C35,"Yes"))+(COUNTIF(C11:C35,"No")))) -> #DIV/0! | D36: Where over 25% of responses are no, the document is regarded as incomplete

Sheet DfR 
A1: Deposit for recovery
A3: Document reference
A4: Time taken
A6: Guidance | B6: Natural Resources Wales / How to prepare a waste recovery plan for a waste deposit for recovery permit
B7: Wastes acceptance procedures
B8: Conceptual site model (CSM)
B9: Hydrogeological risk assessments (HRA)
B10: Stability risk assessment
B11: Environmental setting and site design (ESSD) report
A13: Section | B13: Part | C13: Yes/No/NA | D13: Comments | F13: Yes
A14: General | B14: Is the application for a deposit for recovery activity? | D14: If yes, a WRP is required, complete this checklist. If no, a WRP is not required and you do not need to complete the rest of this checklist, and the answer should be marked as "n/a". | F14: No
B15: Has a WRP been provided? | F15: N/A
B16: Have we assessed the WRP and agreed it is recovery? | D16: If 'Yes' reference PPN If we have not agreed the WRP or it has changed, inform applicant that if we assess it and do not agree recovery, they may lose their application fee.
B17: Is the WRP the same as the version previously approved? | D17: If 'No' it will need to be reassessed
B18: Has the WRP assessment fee been paid (if required)? | D18: A fee does not need to be paid if the WRP has already been assessed and approved by us. If it has changed or not been assessed the WRP assessment fee must be paid.
A19: Standard Rules Application only | B19: Has the following criteria been met:
B20: Using no more than 60,000m3 of waste
B21: Wastes to be used are listed within the SRP
B22: The facility is not on a landfill, whether historical, closed or operational | D22: Historic landfills are shown on 'MyMap' under 'Resource Management Terrestrial'. MyMap for permitting should show permitted (installations & waste) closed & operational landfills.
B23: The deposit is not into a water body or sub-water table
A24: WRP must include | B24: a. Evidence to support recovery of waste (must demonstrate one of the three options):
B25: 1. Financial gain or other worthwhile benefit by using non-waste materials | D25: Including costings of using non-waste
B26: 2. Funding to use non-waste materials | D26: Including costings of using non-waste
B27: 3. Specific or general obligation
B28: If demonstrating recovery through a specific or general obligation through planning (option 3), has a copy of the planning permission and conditions been supplied?
B29: Have plans & cross sections been supplied?
B30: b. Evidence the waste is serving a useful purpose (is suitable) | D30: This must include a list of the waste types and the function they are fulfilling.
B31: If waste is being used to improve soil quality (e.g. landspreading), has a benefit statement been provided. | D31: Improving soil quality is not the same as creating a soil profile, benefit statement is not required for creating a soil profile.
B32: c. Purpose of the work (why it's needed and how it will meet that need) | D32: N/A if there is a specific obligation
B33: d. Quantity of waste used (including plans and cross sections) | D33: N/A if there is a specific obligation
B34: e. Meeting quality standards (that it is fit for purpose and completed scheme will not result in environmental problems/harm) | D34: N/A if there is a specific obligation
A35: Additional information that must be supplied for a bespoke (separate to the WRP):
A36: Wastes acceptance procedures | B36: Does the WRP include waste acceptance procedures?
B37: The waste acceptance procedures must set out:
B38: Evidence needed from producer
B39: Measures to make sure waste is not contaminated
B40: Waste acceptance criteria e.g. inert waste testing
B41: Details of testing requirements by the producer and receiving site (if needed) | D41: Refer to gov.uk guidance to confirm testing requirements- link above in guidance section
A42: Conceptual site model (CSM) | B42: Does the WRP include a CSM? | D42: The CSM should determine what risk assessments are required
B43: The CSM must include:
B44: Drawing of site in relation to surrounding features
B45: Sources of pollution (from historical and proposed new activities)
B46: Pathways (geology, hydrogeology, groundwater, surface water, etc)
B47: Receptors (including a drawing showing all relevant receptors)
A48: Hydrogeological risk assessments (HRA) | B48: Qualitative HRA; OR
B49: Quantitative HRA. | D49: Required if in a sensitive location i.e. on a principal aquifer / secondary A aquifer; below the water table; SPZ 2 & 3; or in an area where groundwater provides a direct pathway to other sensitive receptors e.g. habitat sites. We would be unlikely to grant an environmental permit for a DfR site in a SPZ 1
B50: Check the HRA includes all sections required by the guidance | D50: see link above
B51: Site setting and CSM (or reference to the CSM)
B52: Justification of the level of assessment / modelling approach
B53: Review of the following, where applicable: - natural geology - geological barrier - attenuation layer - surface water management system
A54: Stability risk assessment | B54: Does the WRP include a Stability risk assessment (where relevant)? | D54: see link above
A55: Amenity risk assessment | B55: Does the WRP include an Amenity risk assessment? | D55: See 'Risk Assessment' tab
A56: Environmental setting and site design (ESSD) report | B56: Does the WRP include a ESSD?
B57: The ESSD must include:
B58: Site details e.g. location, site context
B59: Compliance points (where relevant) e.g. groundwater, surface water discharges
B60: Pollution control measures e.g. attenuation layer (if sensitive location), drainage ditches, etc
B61: Monitoring where required e.g. gas monitoring if identified by risk assessment (where waste is deposited more than 2m below ground surface)
B62: Percentage of required information missing | C62: =(100*(COUNTIF(C14:C61,"No"))/((COUNTIF(C14:C61,"Yes"))+(COUNTIF(C14:C61,"No")))) -> #DIV/0! | D62: Where over 25% of responses are no, the document is regarded as incomplete
